 Dungeon Crawl Stone Soup version 0.30-a0-1075-gcd70e7a56d (webtiles) character file.

Game seed: 2735280852710378548

2270329 samgaumpmail the Archmage (level 27, 217/217 (225) HPs)
             Began as a Djinni Ice Elementalist on Apr 14, 2023.
             Was the Champion of Makhleb.
             Escaped with the Orb
             ... and 4 runes on Apr 15, 2023!
             The game lasted 04:24:09 (73589 turns).

samgaumpmail the Archmage (DjIE)                   Turns: 73589, Time: 04:24:09

HP:   217/217 (225) AC: 23    Str:  5    XL:     27
Gold: 6910          EV: 16    Int: 41    God:    Makhleb [******] SH:  9 Dex: 13

rFire   + + +      SeeInvis +    C - +6 Majin-Bo {spellvamp, MP+6 Int+6}
rCold   + + .      Faith    .    s - +3 buckler {reflect} {Reflect}
rNeg    + . .      Spirit   .    d - +4 faerie dragon scales {Harm rC++ rN+ rCorr Int+3}
rPois   ∞          Reflect  +    A - +0 helmet
rElec   .          Rampage  .    V - scarf {rC+ rF+}
rCorr   +          Archmagi +    U - +0 pair of gloves
Will    ++...      Harm     + .  (boots unavailable)
Stlth   +                        R - amulet of Vitality {RegenMP++ Regen++}
HPRegen 2.16/turn                S - ring "Xiojo" {rF+++ AC+4 Str-2 SInv}
MPRegen 0.00/turn                g - ring of the Mage {Wiz Archmagi}

@: flying, lightly drained
A: sickness immunity, fire resistance 2, cold vulnerability 1, float, innate
caster, HP casting, extra vitality 1, iridescent scales 1, MP-powered wands
0: Orb of Zot
}: 4/15 runes: serpentine, barnacled, slimy, silver
a: Renounce Religion, Minor Destruction, Lesser Servant of Makhleb, Major
Destruction, Greater Servant of Makhleb


You escaped.
You worshipped Makhleb.
Makhleb was exalted by your worship.
You visited 11 branches of the dungeon, and saw 53 of its levels.
You also visited: Ice Cave, Volcano and Wizlab.

You collected 8888 gold pieces.
You spent 1978 gold pieces at shops.

Inventory:

Hand Weapons
 b - the +11 shortbow "Faukiaq" {freeze, rN+ SInv}
   (You found it on level 1 of the Realm of Zot)

   rN:        It protects you from negative energy.
   SInv:      It lets you see invisible.
 l - the +2 long sword of Nezual {speed, rF+ Will+ Str-2 Dex+3}
   (You found it on level 13 of the Dungeon)

   Str:       It affects your strength (-2).
   Dex:       It affects your dexterity (+3).
   rF:        It protects you from fire.
   Will:      It increases your willpower.
 C - the +6 Majin-Bo (weapon) {spellvamp, MP+6 Int+6}
   (You took it off Hellbinder in a wizard's laboratory)

   Int:       It affects your intelligence (+6).
   MP:        It affects your magic capacity (+6).
 H - the +9 dire flail "Paw Egex" {freeze, Str+2}
   (You found it on level 5 of the Vaults)

   Str:       It affects your strength (+2).
 J - the +1 short sword of Epnik {holy, rC+++ rCorr Str-3 Int-5}
   (You bought it in a shop on level 2 of the Orcish Mines)

   Str:       It affects your strength (-3).
   Int:       It affects your intelligence (-5).
   rC:        It renders you almost immune to cold.
   rCorr:     It protects you from acid and corrosion.
 W - the +4 morningstar "Gywn" {antimagic, *Rage rC- Str+9 Dex+4}
   (You found it on level 1 of the Realm of Zot)

   Str:       It affects your strength (+9).
   Dex:       It affects your dexterity (+4).
   rC:        It makes you vulnerable to cold.
   *Rage:     It berserks you when you make melee attacks (+20% chance).
Missiles
 K - 5 throwing nets {=f}
Armour
 d - the +4 faerie dragon scales (worn) {Harm rC++ rN+ rCorr Int+3}
   (You took it off the Enchantress on level 2 of the Depths)

   Int:       It affects your intelligence (+3).
   rC:        It greatly protects you from cold.
   rN:        It protects you from negative energy.
   rCorr:     It protects you from acid and corrosion.
   Harm:      It increases damage dealt and taken.
 m - the +0 ring mail of the Northern Lights {rF++ rC+ Will+}
   (You took it off a deep elf blademaster on level 3 of the Elven Halls)

   rF:        It greatly protects you from fire.
   rC:        It protects you from cold.
   Will:      It increases your willpower.
 s - a +3 buckler of reflection (worn) {Reflect}
 A - a +0 helmet (worn)
 U - a +0 pair of gloves (worn)
 V - a scarf of resistance (worn)
Magical Staves
 w - the staff of death "Goludiup" {rElec rN+ Will++ Str+3 Dex-2, rN+}
   (You found it on level 3 of the Elven Halls)

   [staff of death]

   Your inability to study Necromancy prevents you from drawing on the full
   power of this staff in melee.
   Base accuracy: +5 Base damage: 5 Base attack delay: 1.2 This weapon's minimum
   attack delay (0.6) is reached at skill level 12.
   Str:       It affects your strength (+3).
   Dex:       It affects your dexterity (-2).
   rElec:     It insulates you from electricity.
   rN:        It protects you from negative energy.
   Will:      It greatly increases your willpower.
   It falls into the 'Staves' category.
   It is a one-handed weapon.
Jewellery
 c - a +4 ring of protection
 g - the ring of the Mage (right hand) {Wiz Archmagi}
   (You took it off a merfolk aquamancer on level 4 of the Shoals)

   [ring of wizardry]

   It improves your spell success rate.
   Archmagi:  It increases the power of your magical spells.
 i - the ring of the Blind Eye {rElec rF+ Str+6}
   (You found it on level 5 of the Vaults)

   [ring of strength]

   Str:       It affects your strength (+6).
   rF:        It protects you from fire.
   rElec:     It insulates you from electricity.
 n - a +6 ring of intelligence
 F - the ring "Ninlog" {rF+ rC+ Str+6 Stlth-}
   (You found it on level 1 of the Elven Halls)

   [ring of strength]

   Str:       It affects your strength (+6).
   rF:        It protects you from fire.
   rC:        It protects you from cold.
   Stlth:     It makes you less stealthy.
 I - a ring of protection from cold
 N - a ring of positive energy {rN+}
 R - the amulet of Vitality (around neck) {RegenMP++ Regen++}
   (You found it on level 3 of the Elven Halls)

   [amulet of magic regeneration]

   It increases your rate of magic regeneration.
   Regen:     It increases your rate of health regeneration.
 S - the ring "Xiojo" (left hand) {rF+++ AC+4 Str-2 SInv}
   (You took it off a yaktaur captain on level 5 of the Vaults)

   [ring of protection]

   AC:        It affects your AC (+4).
   Str:       It affects your strength (-2).
   rF:        It renders you almost immune to fire.
   SInv:      It lets you see invisible.
Wands
 o - a wand of quicksilver (8)
 x - a wand of mindburst (27)
 D - a wand of digging (32)
 E - a wand of paralysis (62)
 Q - a wand of roots (29)
Scrolls
 e - 3 scrolls of fear
 f - 6 scrolls of fog
 p - 8 scrolls of enchant weapon
 q - 6 scrolls of brand weapon
 t - 19 scrolls of teleportation
 u - 4 scrolls of summoning
 v - 8 scrolls of poison
 y - 16 scrolls of vulnerability {!r!r}
 B - 6 scrolls of blinking {!r}
 M - 12 scrolls of enchant armour
 O - 4 scrolls of silence
 P - 2 scrolls of magic mapping {!r}
 Z - 6 scrolls of immolation {!r}
Potions
 a - a potion of resistance
 h - 18 potions of curing
 j - 12 potions of might
 k - 13 potions of heal wounds
 r - 12 potions of mutation {!q}
 z - 14 potions of lignification {!q}
 G - 3 potions of attraction {!q}
 L - 3 potions of haste
 T - 4 potions of invisibility
 X - 3 potions of cancellation
 Y - 12 potions of brilliance


   Skills:
 + Level 26.3 Fighting
 - Level 15.0 Armour
 - Level 15.0 Dodging
 - Level 1.5 Stealth
 - Level 10.0 Shields
 O Level 27 Spellcasting
 - Level 14.4 Invocations


You knew the following spells:

 Your Spells              Type           Power      Damage    Failure   Level
a - Plasma Beam           Fire/Air       80%        2x1d107   0%          6
b - Frozen Ramparts       Ice            100%       1d16      0%          3
c - Summon Ice Beast      Ice/Summ       100%       N/A       0%          4
d - Teleport Other        Tloc           100%       N/A       0%          3
e - Lehudib's Crystal Sp  Conj/Erth      80%        10d18     1%          8
f - Hailstorm             Conj/Ice       100%       3d20      0%          3
g - Cause Fear            Hex            80%        N/A       0%          4
h - Irradiate             Conj/Tmut      80%        3d38      0%          5
i - Orb of Destruction    Conj           80%        9d18      0%          7
j - Malign Gateway        Summ/Tloc      80%        N/A       0%          7
k - Starburst             Conj/Fire      80%        6d20      0%          6
l - Chain Lightning       Conj/Air       80%        3d106     1%          9
m - Polar Vortex          Ice            80%        N/A       1%          9
p - Freeze                Ice            100%       1d10      0%          1
w - Passwall              Tmut/Erth      100%       N/A       0%          2
A - Ozocubu's Armour      Ice            100%       N/A       0%          3
P - Kiss of Death         Conj/Necr      100%       2d13      0%          1
Your spell library was empty.

Dungeon Overview and Level Annotations

Branches:
Dungeon (15/15)            Temple (1/1) D:5            Lair (5/5) D:9
 Shoals (4/4) Lair:2        Snake (4/4) Lair:2        Slime (5/5) Lair:4
    Orc (2/2) D:12            Elf (3/3) Orc:2        Vaults (5/5) D:13
  Crypt (0/3) Vaults:3     Depths (4/4) D:15            Zot (5/5) Depths:4
  IceCv (visited)         Volcano (visited)          WizLab (visited)

Altars:
Ashenzari
Cheibriados
Dithmenos
Elyvilon
Fedhas
Gozag
Hepliaklqana
Makhleb
Nemelex Xobeh
Okawaru
Qazlal
Ru
Trog
Uskayaw
Wu Jian
Xom
Yredelemnul
Zin
The Shining One
Jiyva
Lugonu

Shops:
D:2 *   Orc:2 (=(=(   Elf:1 [   Elf:2 [   Snake:2 !(=?(   Snake:3 =:=
Vaults:2 ?   Vaults:4 [(   Vaults:5 !

Portals:
Hell: Depths:1 Depths:2 Depths:3 Depths:4
Abyss: Lair:5 Depths:2 Depths:3
Pandemonium: Depths:2 Depths:3
Ziggurat: Depths:1

Annotations:
Lair:1 1 exclusion
Orc:1 2 transporters, Nergalle
Elf:2 3 runed translucent doors, exclusion: 3 doors
Zot:1 1 runed translucent door, themarg's ghost, master MfSu
Zot:2 3 runed translucent doors, SirDiesAlot's ghost, veteran DEIE
Zot:5 1 exclusion


Innate Abilities, Weirdness & Mutations

You are immune to sickness and miasma.
You are immune to poison.
Your flesh is very heat resistant. (rF++)
You are vulnerable to cold. (rC-)
You float through the air rather than walking.
You learn spells naturally, not from books.
Your magical power is your life essence.
You have superior vitality. (+4 MHP)
You are partially covered in iridescent scales. (AC +2)
You expend health (3 HP) to strengthen your wands.


Message History

You regained 3 hp, and now have 200/217 hp.
You regained 2 hp, and now have 202/217 hp.
You regained 2 hp, and now have 204/217 hp.
There is a stone staircase leading up here.
You regained 2 hp, and now have 206/217 hp.
A stone staircase leading up.
This square is covered in magical glow.
Okay, then.
You feel a surge of power! Lightning arcs from your hands!
The bolt of lightning hits the ynoxinul!!!!
The ynoxinul resists.
You kill the ynoxinul!
You feel better. The bolt of lightning hits you!
You take 26 damage, and have 180/217 hp.
(D) Dungeon (T) Temple (L) Lair (A) Shoals (P) Snake Pit (M) Slime Pits (O) Orcish Mines (E) Elven Halls (V) Vaults (C) Crypt (U) Depths (H) Hell (Z) Zot
Where to? (Enter - D:1, ? - help)
What level of the Dungeon? (default 1, ? - help)
You fly upwards.
There is a stone staircase leading down here.
There is a stone staircase leading up here.
You fly upwards.
There is a stone staircase leading down here.
There is a stone staircase leading up here.
You fly upwards.
There is a stone staircase leading down here.
You regained 27 hp, and now have 207/217 hp.
A rock wall.
This square is covered in magical glow.
You feel a surge of power!
The rock shatters into small pieces.
You take 1 damage, and have 206/217 hp.
You regained 2 hp, and now have 208/217 hp.
A chaos spawn comes into view.
Health restored: 217
There is a staircase leading out of the dungeon here.
You can't go down here!
Unknown command.
You have escaped!

##.## #.# #### #..### ##.##
###..#
#....####...####....#
##.....#..~..#.....##
#8..~....~....~..8# ######
##...~..~~~..~...## #....#
##.....~~~~~~~.....###....#
#....~~~~...~~~~....##....#
#..~~~~~4.@..~~~~~..##....#
#....~~~~...~~~~....##....#
##.[...~~~~~~~.....###....#
##...~..~~~..~...## #....#
#8..~....~....~..8# #..^..
##.....#..~..#.....####'###
#....####...####....###....
#..### ##.#######..##..###
#### #.............##


You could see a chaos spawn.

Levels and vault maps discovered:
D:1:      eino_arrival_water_star, layout_basic
D:2:      layout_basic, serial_shops, shop, mrwooster_statue_mirror,
          serial_bayou_lake_a
D:3:      layout_loops_cross, nicolae_overflow_ecumenical_swirl,
          kennysheep_vampire_church, minmay_curled_crystal,
          amcnicky_mini_corridor_feature, minmay_vboxes
D:4:      layout_cave_pools, minmay_door_square
D:5:      layout_loops_ring, temple_fountains, enter_ossuary_5,
          due_unseen_surprise
D:6:      layout_loops_ring, nicolae_ru_great_annihilating_truth
D:7:      layout_loops_ring, minmay_microvault, uniq_pikel
D:8:      layout_cave_pools, makhleb_blood_cavern_becter, slow_altar_1,
          uniq_erica
D:9:      layout_rooms, lemuel_round_altar, minmay_lair_entry_grove,
          kennysheep_generic_room_5
D:10:     minmay_gate_of_8, layout_rooms, nicolae_ashenzari_skybound,
          grunt_qazlal_sundering, pdpol_wu_jian_five_deadly_venoms,
          hangedman_decor_slide_cut, patterned_corridor, uniq_urug,
          uniq_josephine, uniq_maggie, uniq_grum
D:11:     layout_roguey, minmay_liquid_box
D:12:     layout_rooms, orc_0_dummy, nicolae_uskayaw_en_pointe
D:13:     layout_basic, hangedman_vaults_entry_quadrant_bands,
          kennysheep_nondescript, hangedman_decor_growths
D:14:     layout_stronghold, nicolae_elevator_lobby_plus,
          nicolae_dithmenos_through_a_glass_darkly
D:15:     hangedman_depths_entry_try_elsewhere_first, layout_basic,
          chequers_jeans, special_room [special_room_orc], elves_outpost_lemuel
Temple:   hellmonk_temple_divided_pantheon
Lair:1:   layout_chaotic_city, wad_woods_river_01, grunt_megastairs_2
Lair:2:   layout_chaotic_city, minmay_shoals_entry_centaurs,
          guppyfry_snake_entry_garden, beast_lair_carwin_4
Lair:3:   layout_cave_pods, maelrawn_ghost_gauntlet_escape
Lair:4:   layout_loops_ring, minmay_slime_entry_oklob_open,
          nicolae_lair_lindhole, serial_bayou_shore_b, lemuel_fruit_tree,
          grunt_megastairs_1
Lair:5:   hellmonk_lair_end_abyssal_woods, layout_regular_city
Shoals:1: layout_shoals, uniq_aizul
Shoals:2: layout_shoals, uniq_ilsuiw
Shoals:3: layout_shoals, nicolae_shoals_kraken_intersection
Shoals:4: shoals_end_hellmonk_storm_palace [storm_palace_center_square,
          storm_palace_corner_reverse_hut, storm_palace_corner_reverse_hut,
          storm_palace_corner_pillars, storm_palace_corner_narrow], uniq_mara,
          uniq_kirke
Snake:1:  layout_grid_maze, nicolae_snake_gridmaze_entwining, st_stairs_5
Snake:2:  layout_onion, serial_shops, shop, nicolae_shop_hallway_plus, shop,
          shop, nicolae_shop_bloodbath_and_beyond
Snake:3:  layout_misc_corridors, minmay_shop_grove, uniq_vashnia, uniq_louise
Snake:4:  snake_pit_salamanders_mu, layout_misc_corridors,
          portal_ice_cave_entry_ice_statue_one, grunt_ministairs_14
Slime:1:  layout_caves, cheibrodos_slime_lost_civilization_4
Slime:2:  cheibrodos_slime_lost_civilization_3, layout_caves, basic_altar,
          cheibrodos_slime_lost_civilization_5
Slime:3:  layout_caves
Slime:4:  layout_caves, nicolae_slime_getting_an_eyeful
Slime:5
Orc:1:    gammafunk_beogh_shrine, layout_caves, gammafunk_ghost_smash,
          minmay_orc_keep, uniq_erolcha, uniq_nergalle
Orc:2:    st_orc_elflike, layout_diamond_mine, serial_shops,
          nicolae_shop_advertising_works [nicolae_subvault_shop_adworks],
          enter_volcano_1
Elf:1:    minmay_elf_arrival_circle, layout_geoelf_octagon, serial_shops,
          nicolae_diamond_shop, kennysheep_underground_church,
          minmay_misc_feat_five, dk_noncrumbling_2
Elf:2:    nicolae_elf_blades_crystal_corner, layout_loops_ring, minmay_shop_star
Elf:3:    grunt_elf_hall_diamonds, layout_loops_cross, minivault_19,
          abandoned_shop
Vaults:1: vaults_dpeg_encased_lava, vaults_dpeg_doors, v_alt_pattern_1,
          grunt_vaults_twisty, hangedman_vaults_capsules, vaults_room_octagon,
          dpeg_vaults_monster_row, layout_vaults_quadrants, uniq_nikola,
          uniq_zenata
Vaults:2: hangedman_vaults_hat, grunt_vaults_bifocal,
          hangedman_vaults_river_flow, vaults_dpeg_hooks, nicolae_vaults_theta,
          grunt_vaults_funnel, v_misc_25, v_misc_3, vaults_mumra_chevron_long,
          v_misc_24, nicolae_vaults_big_ls, v_pattern_5, layout_vaults_omnibox,
          serial_shops, shop
Vaults:3: grunt_vaults_hallway_short, nicolae_vaults_twisting_passages,
          nicolae_vaults_ring_of_whatevers, serial_ice_h, v_misc_2,
          ontoclasm_vaults_shuriken, vaults_room_fancy_cross,
          nicolae_vaults_little_squares_1, blue_anna_dwarven_crypt,
          hangedman_vaults_slice, v_misc_17, nicolae_vaults_diagonal_hallway_8,
          v_misc_13, layout_vaults_big_room
Vaults:4: hellmonk_ghost_happy_afterlife, nicolae_vaults_triangles,
          nicolae_vaults_inception_scallops, vaults_room_hangedman_quadrants,
          nicolae_vaults_three_branches, v_rooms_1, hangedman_vaults_cutoff,
          ontoclasm_vaults_spin, v_misc_17, vaults_mumra_lcd,
          nicolae_vaults_theta, v_misc_11, vaults_dpeg_diagonal,
          nicolae_vaults_asterisk, layout_vaults_ring, serial_shops,
          nicolae_shop_overgrown_old_shop, nicolae_diamond_shop, uniq_donald
Vaults:5: serial_shops
Depths:1: layout_cave_pools, enter_ziggurat_c, hell_entry,
          minmay_misc_feat_more_columns, mu_enter_wizlab_7, led_sif_pool,
          serial_bayou_shore_a
Depths:2: grunt_twisty_corner, layout_cross, hell_entry, grunt_pan_entry_spiral,
          hangedman_abyss_entry_splay, nicolae_vehumet_radiance,
          minmay_crystal_water, grunt_ministairs_2,
          worldfamousw_hep_ancestral_shrine, minmay_staircase_statues,
          uniq_enchantress, uniq_josephina
Depths:3: minmay_box_of_statues, layout_gridlike,
          serial_sigils_hangedman_quiver, grunt_hell_entry_dis_old,
          rand_demon_pan_entry_5, minmay_room_of_horrors
Depths:4: grunt_zot_entry_alcove, layout_cave_pools, hellmouth_2,
          minmay_misc_feat_x, hex_large, minmay_misc_feat_hallway
Zot:1:    layout_basic, ebering_ghost_xom, st_large_dragon_hoard_4, uniq_grunn
Zot:2:    layout_misc_corridors, gammafunk_ghost_split
Zot:3:    layout_gridville
Zot:4:    layout_cathedral_of_symmetry
Zot:5:    layout_concentric_octagons

Notes
Turn   | Place    | Note
-------+----------+-------------------------------------------
     0 | D:1      | samgaumpmail the Djinni Ice Elementalist began the quest
                  | for the Orb.
     0 | D:1      | samgaumpmail set off with the following spells memorised:
                  | Freeze, Frozen Ramparts, Ozocubu's Armour, Summon Ice
                  | Beast.
     0 | D:1      | Reached XP level 1. HP: 15/15 MP: 0/0
   130 | D:1      | Identified a +0 club
   209 | D:1      | Reached XP level 2. HP: 19/21 MP: 0/0
   356 | D:1      | Identified a +0 dagger
   536 | D:1      | Reached XP level 3. HP: 15/25 MP: 0/0
   536 | D:1      | Learned a level 1 spell: Kiss of Death
   600 | D:1      | Identified a +0 short sword
   604 | D:1      | Reached skill level 4 in Spellcasting
   751 | D:1      | Identified a +0 club
   756 | D:1      | Identified a +0 dagger
  1066 | D:2      | Identified a +0 short sword
  1205 | D:2      | Identified a +0 short sword
  1349 | D:2      | Identified a +0 rapier
  1349 | D:2      | Identified a +0 whip
  1432 | D:2      | Reached XP level 4. HP: 26/31 MP: 0/0
  1457 | D:2      | Identified a +0 robe
  1601 | D:2      | Identified a +0 club
  1632 | D:2      | Found Pom Xab's Assorted Antiques.
  1639 | D:2      | Bought a scroll labelled QEOKO VI YCAIPP for 23 gold pieces
  1640 | D:2      | Identified a +0 short sword
  1731 | D:2      | Identified a +0 dagger
  1773 | D:2      | Identified a +0 leather armour
  1881 | D:2      | Identified an amulet of guardian spirit
  2170 | D:3      | Noticed a scorpion
  2176 | D:3      | Killed a scorpion
  2177 | D:3      | Reached skill level 5 in Spellcasting
  2177 | D:3      | Reached XP level 5. HP: 21/35 MP: 0/0
  2177 | D:3      | Learned a level 2 spell: Passwall
  2180 | D:3      | Identified a +0 rapier
  2289 | D:3      | Found a faded altar of an unknown god.
  2365 | D:3      | Identified a +1 dagger of draining
  2366 | D:3      | Identified a +0 whip
  2534 | D:3      | Identified a +0 club
  2534 | D:3      | Identified a +0 sling
  2614 | D:3      | Identified a +0 short sword
  2651 | D:3      | Identified a +0 whip
  2655 | D:3      | Identified a +0 halberd
  2660 | D:3      | Identified a +0 spear
  2661 | D:3      | Identified a +1 vampiric spear
  2788 | D:3      | Identified a +0 club
  2790 | D:3      | Identified a +0 hand axe
  2791 | D:3      | Reached XP level 6. HP: 37/40 MP: 0/0
  2850 | D:3      | Identified a +0 short sword
  2970 | D:3      | Identified a +0 pair of boots
  3133 | D:3      | Identified a +0 ring mail
  3337 | D:4      | Identified a +0 whip
  3337 | D:4      | Identified a +0 short sword
  3337 | D:4      | Identified a +0 leather armour
  3337 | D:4      | Identified a +0 short sword
  3337 | D:4      | Identified a +0 dagger
  3337 | D:4      | Identified a +0 robe
  3337 | D:4      | Identified a +0 club
  3337 | D:4      | Identified a +0 ring mail
  3371 | D:4      | Identified a +0 dagger
  3375 | D:4      | Noticed a black bear
  3383 | D:4      | Killed a black bear
  3384 | D:4      | Reached skill level 6 in Spellcasting
  3384 | D:4      | Reached XP level 7. HP: 19/45 MP: 0/0
  3384 | D:4      | Learned a level 3 spell: Teleport Other
  3629 | D:4      | Identified a +0 trident
  4052 | D:4      | Identified a +3 dagger of venom
  4127 | D:4      | Identified a +0 robe
  4128 | D:4      | Identified a +0 leather armour
  4274 | D:2      | Bought a runed buckler for 172 gold pieces
  4274 | D:2      | Identified a +2 buckler of reflection (You bought it in a
                  | shop on level 2 of the Dungeon)
  4308 | D:5      | Entered Level 5 of the Dungeon
  4509 | D:5      | Found a staircase to the Ecumenical Temple.
  4579 | Temple   | Entered the Ecumenical Temple
  4579 | Temple   | Found a transporter.
  4579 | Temple   | Found a transporter.
  4581 | Temple   | Found a transporter.
  4581 | Temple   | Found a transporter.
  4736 | D:5      | Identified a +0 dagger
  4808 | D:5      | HP: 7/45 [phantom (5)]
  4811 | D:5      | HP: 1/45 [phantom (6)]
  5027 | D:5      | Identified a +2 chain mail of cold resistance
  5271 | D:5      | Reached skill level 7 in Spellcasting
  5271 | D:5      | Reached XP level 8. HP: 28/50 MP: 0/0
  5416 | D:5      | Identified a +0 giant spiked club
  5873 | D:5      | Identified a +0 robe
  6042 | D:6      | Reached skill level 1 in Shields
  6128 | D:6      | Identified a +0 trident
  6128 | D:6      | Identified a +0 ring mail
  6128 | D:6      | Identified a +0 whip
  6128 | D:6      | Identified a +0 whip
  6128 | D:6      | Identified a +0 flail
  6146 | D:6      | Reached skill level 2 in Shields
  6254 | D:6      | Identified a +0 falchion
  6254 | D:6      | Identified a +0 leather armour
  6256 | D:6      | Identified a +0 mace
  6256 | D:6      | Identified a +0 whip
  6257 | D:6      | Identified a +0 war axe
  6257 | D:6      | Identified a +0 ring mail
  6259 | D:6      | Identified a +0 short sword
  6261 | D:6      | Identified a +0 dagger
  6261 | D:6      | Identified a +0 robe
  6265 | D:6      | Identified a +0 club
  6265 | D:6      | Identified a +0 trident
  6304 | D:6      | Identified a +0 ring mail
  6317 | D:6      | Identified a +0 shortbow
  6324 | D:6      | Reached skill level 3 in Shields
  6324 | D:6      | Reached skill level 8 in Spellcasting
  6447 | D:6      | Identified a +0 chain mail
  6514 | D:6      | Identified an orb of energy
  6521 | D:6      | Identified a +0 helmet
  6637 | D:6      | Identified a ring of poison resistance
  6850 | D:6      | Identified a +0 giant club
  6854 | D:6      | HP: 11/50 [ogre/+0 giant club (21)]
  6877 | D:6      | Identified a +0 hand axe
  7030 | D:6      | Identified a +0 whip
  7030 | D:6      | Identified a +0 dagger
  7030 | D:6      | Identified a +0 scale mail
  7033 | D:6      | Reached XP level 9. HP: 37/55 MP: 0/0
  7033 | D:6      | Learned a level 3 spell: Hailstorm
  7321 | D:6      | Found a sacrificial altar of Ru.
  7321 | D:6      | Identified a +0 club
  7322 | D:6      | Identified a +0 dagger
  7322 | D:6      | Identified a +0 robe
  7589 | D:7      | Reached skill level 4 in Shields
  7659 | D:7      | Identified 6 scrolls of identify
  7659 | D:7      | Identified 3 potions of mutation
  7660 | D:7      | Identified 3 potions of heal wounds
  7661 | D:7      | Identified 2 scrolls of blinking
  7662 | D:7      | Identified 2 scrolls of poison
  7664 | D:7      | Identified 2 scrolls of brand weapon
  7665 | D:7      | Identified a scroll of enchant armour
  7695 | D:7      | Identified a +0 mace
  7695 | D:7      | Identified a +0 robe
  7695 | D:7      | Identified a +4 long sword
  7695 | D:7      | Identified a +0 robe
  7800 | D:7      | HP: 10/55 [shadow imp/nerve-wracking pain (7)]
  7805 | D:7      | HP: 11/55 [something (1)]
  7806 | D:7      | Killed an unseen horror
  7807 | D:7      | Reached skill level 5 in Shields
  8103 | D:6      | Identified a +0 leather armour
  8141 | D:7      | Identified a +0 rapier
  8154 | D:7      | Reached skill level 9 in Spellcasting
  8259 | D:7      | Identified a +2 helmet
  8262 | D:7      | Identified a +0 falchion
  8262 | D:7      | Identified a +0 robe
  8272 | D:7      | Identified 3 scrolls of vulnerability
  8273 | D:7      | Identified a scroll of summoning
  8273 | D:7      | Identified a +0 shortbow
  8561 | D:7      | Identified a +0 whip of flaming
  8561 | D:7      | Identified a +0 robe
  8561 | D:7      | Noticed Pikel
  8564 | D:7      | Identified a +0 whip
  8564 | D:7      | Identified a +0 leather armour
  8566 | D:7      | Identified a +0 dagger
  8568 | D:7      | Identified a +0 rapier
  8568 | D:7      | Identified a +0 robe
  8576 | D:7      | Killed Pikel
  8577 | D:7      | Reached XP level 10. HP: 47/60 MP: 0/0
  8633 | D:7      | Identified a +0 spear
  8634 | D:7      | Identified a +0 dagger
  8644 | D:7      | Identified a +0 vampiric bardiche
  8720 | D:7      | Identified a +0 dagger
  8722 | D:7      | Identified a +0 flail
  8722 | D:7      | Identified a +0 chain mail
  8723 | D:7      | Identified a +0 hand axe
  8723 | D:7      | Identified a +0 leather armour
  8727 | D:7      | Identified a +0 mace
  8732 | D:7      | Reached skill level 10 in Spellcasting
  8854 | D:7      | Noticed a manticore
  8860 | D:7      | Killed a manticore
  9006 | D:7      | Identified a +0 shortbow
  9350 | D:8      | Identified a +0 club
  9352 | D:8      | Identified a +0 club
  9352 | D:8      | Identified a +0 robe
  9353 | D:8      | Identified a +0 flail
  9354 | D:8      | Identified a +0 club
  9407 | D:8      | Identified a +5 trident
  9407 | D:8      | Identified a +0 robe
  9408 | D:8      | Reached skill level 1 in Fighting
  9473 | D:8      | Identified a +3 scimitar
  9473 | D:8      | Identified a +0 robe
  9512 | D:8      | Identified a +4 long sword
  9512 | D:8      | Identified a +0 robe
  9548 | D:8      | Identified a +2 scimitar of flaming
  9548 | D:8      | Identified a +0 robe
  9548 | D:8      | Noticed Erica
  9557 | D:8      | Killed Erica
  9558 | D:8      | Reached skill level 2 in Fighting
  9565 | D:8      | HP: 12/65 [ice beast[the player character] (30)]
  9763 | D:8      | Identified a +0 long sword
  9763 | D:8      | Identified a +0 robe
 10177 | D:8      | Found a burning altar of Makhleb.
 10266 | D:8      | Found a snail-covered altar of Cheibriados.
 10300 | D:8      | Became a worshipper of Makhleb the Destroyer
 10620 | D:8      | Identified 2 scrolls of teleportation
 10621 | D:8      | Identified a scroll of noise
 10622 | D:8      | Identified a scroll of magic mapping
 10724 | D:9      | Reached skill level 3 in Fighting
 10724 | D:9      | Reached skill level 6 in Shields
 10853 | D:9      | Identified a +4 dagger
 10853 | D:9      | Identified a +0 robe
 10860 | D:9      | Identified a +3 flail
 10860 | D:9      | Identified a +0 robe
 11104 | D:9      | Identified a +0 giant club
 11104 | D:9      | Identified a +0 giant club
 11104 | D:9      | Noticed a two-headed ogre
 11115 | D:9      | Reached skill level 11 in Spellcasting
 11115 | D:9      | Reached XP level 11. HP: 63/72 MP: 0/0
 11115 | D:9      | Learned a level 4 spell: Cause Fear
 11121 | D:9      | Killed a two-headed ogre
 11122 | D:9      | Reached skill level 4 in Fighting
 11151 | D:9      | Identified a +2 vampiric long sword
 11151 | D:9      | Identified a +0 robe
 11286 | D:9      | Reached skill level 7 in Shields
 11288 | D:9      | Reached skill level 5 in Fighting
 11496 | D:9      | Reached * piety under Makhleb
 11572 | D:9      | Identified a +0 long sword
 11572 | D:9      | Identified a +0 shortbow
 11723 | D:9      | Identified a +0 hand axe
 11723 | D:9      | Identified a +0 robe
 11724 | D:9      | Identified a +3 war axe
 11724 | D:9      | Identified a +0 robe
 11724 | D:9      | Identified a +0 battleaxe
 11724 | D:9      | Identified a +0 robe
 11785 | D:8      | HP: 19/76 [wight/+0 battleaxe (15)]
 12462 | D:9      | Identified a +0 spear
 12462 | D:9      | Identified a +0 robe
 12562 | D:9      | Identified a +0 falchion
 12562 | D:9      | Identified a +0 robe
 12562 | D:9      | Identified a +3 scimitar
 12562 | D:9      | Identified a +0 robe
 12736 | D:9      | Found a staircase to the Lair.
 12799 | D:9      | Identified a +0 short sword
 12800 | D:9      | Identified a +0 dagger
 12800 | D:9      | Identified a +0 dagger
 12800 | D:9      | Identified a +0 short sword
 12800 | D:9      | Identified a +0 dagger
 12802 | D:9      | Identified a +0 short sword
 12804 | D:9      | Identified a +0 club
 12804 | D:9      | Identified a +0 whip
 12812 | D:9      | Identified a +4 vampiric spear
 12812 | D:9      | Identified a +0 chain mail
 12812 | D:9      | Identified a +0 kite shield
 12814 | D:9      | Identified a +0 short sword
 12814 | D:9      | Identified a +0 trident
 12814 | D:9      | Identified a +0 robe
 12816 | D:9      | Identified a +0 whip
 12824 | D:9      | HP: 14/76 [gnoll sergeant/stone (8)]
 13054 | D:9      | Found a basalt altar of Yredelemnul.
 13199 | D:9      | Identified a +0 shortbow
 13212 | D:9      | Reached skill level 6 in Fighting
 13343 | D:10     | Entered Level 10 of the Dungeon
 13348 | D:10     | Reached skill level 8 in Shields
 13366 | D:10     | Identified a +5 demon trident
 13366 | D:10     | Identified a +0 scale mail
 13366 | D:10     | Noticed Urug
 13510 | D:10     | Killed Urug
 13888 | D:10     | Found a broken altar of Ashenzari.
 13890 | D:10     | Identified a +0 dagger
 13890 | D:10     | Identified a +0 robe
 13890 | D:10     | Noticed Josephine
 13902 | D:10     | Killed Josephine
 13903 | D:10     | Reached XP level 12. HP: 74/84 MP: 0/0
 13993 | D:10     | Identified a +0 glaive
 13993 | D:10     | Identified a +0 animal skin
 13993 | D:10     | Noticed Grum
 13996 | D:10     | Identified a +0 shortbow
 13998 | D:10     | Killed Grum
 13999 | D:10     | Reached skill level 7 in Fighting
 14000 | D:10     | Reached ** piety under Makhleb
 14027 | D:10     | Identified a +0 shortbow
 14184 | D:10     | Found a stormy altar of Qazlal.
 14364 | D:10     | Identified a +0 leather armour
 14433 | D:10     | Noticed a stone giant
 14433 | D:10     | Noticed a deep troll
 14433 | D:10     | Identified a +5 vampiric falchion
 14433 | D:10     | Identified a +0 robe
 14433 | D:10     | Noticed an ogre mage
 14434 | D:10     | Found a runed translucent door.
 14436 | D:10     | Identified a +0 arbalest
 14436 | D:10     | Identified a ring of fire
 14436 | D:10     | Noticed a yaktaur captain
 14436 | D:10     | Noticed a five-headed hydra
 14436 | D:10     | Identified a +1 battleaxe of freezing
 14436 | D:10     | Noticed a frost giant
 14462 | D:10     | Identified a +0 halberd
 14462 | D:10     | Identified +0 swamp dragon scales
 14462 | D:10     | Noticed Maggie
 14474 | D:10     | Killed Maggie
 14648 | D:10     | Found an ornate altar of the Wu Jian Council.
 14990 | D:11     | Identified a +0 shortbow
 15137 | D:11     | Identified a +0 scimitar
 15137 | D:11     | Identified a +0 arbalest
 15137 | D:11     | Identified a +0 chain mail
 15137 | D:11     | Identified a +0 dagger
 15137 | D:11     | Identified a +0 club
 15137 | D:11     | Identified a +0 leather armour
 15137 | D:11     | Identified a +0 short sword
 15137 | D:11     | Identified a +0 ring mail
 15137 | D:11     | Identified a +0 war axe
 15281 | D:11     | Reached skill level 9 in Shields
 15286 | D:11     | Reached skill level 12 in Spellcasting
 15653 | D:11     | Identified a +0 mace
 15653 | D:11     | Identified a +0 club
 15653 | D:11     | Identified a +0 ring mail
 15654 | D:11     | Identified a +1 dagger of venom
 15654 | D:11     | Identified a +0 robe
 15666 | D:11     | Identified a +0 dagger
 15666 | D:11     | Identified a +0 ring mail
 15695 | D:11     | Identified a +0 falchion of flaming
 15744 | D:11     | Identified a +0 short sword
 15744 | D:11     | Identified a +0 dagger
 15745 | D:11     | Identified a +0 short sword
 15745 | D:11     | Identified a +0 dagger
 15745 | D:11     | Identified a +0 robe
 15755 | D:11     | Identified a +0 club
 15758 | D:11     | Reached skill level 8 in Fighting
 15832 | D:11     | Noticed a boulder beetle
 15963 | D:11     | Killed a boulder beetle
 16102 | D:11     | Identified a +4 ring of protection
 16161 | D:10     | Identified 2 potions of invisibility
 16162 | D:10     | Identified 3 potions of might
 16163 | D:10     | Identified 5 potions of curing
 16164 | D:10     | Identified a potion of degeneration
 16165 | D:10     | Identified a potion of flight
 16166 | D:10     | Identified a potion of attraction
 16167 | D:10     | Identified a potion of magic
 16168 | D:10     | Identified a potion of haste
 16169 | D:10     | Identified a potion of berserk rage
 16204 | D:10     | Identified a potion of experience
 16204 | D:10     | Reached skill level 11 in Fighting
 16204 | D:10     | Reached XP level 13. HP: 89/89 MP: 0/0
 16204 | D:10     | Learned a level 5 spell: Irradiate
 16255 | Lair:1   | Entered Level 1 of the Lair of Beasts
 16786 | Lair:1   | Reached *** piety under Makhleb
 16976 | Lair:1   | Identified the +2 chain mail "Istrox" {rC+ Regen+}
 17679 | Lair:2   | Reached skill level 1 in Armour
 17822 | Lair:2   | Reached skill level 2 in Armour
 17986 | Lair:2   | Reached skill level 12 in Fighting
 18046 | Lair:2   | Identified a +0 shortbow
 18049 | Lair:2   | Identified a +0 scimitar
 18052 | Lair:2   | Identified a +0 hand axe
 18055 | Lair:2   | Identified a +0 glaive
 18056 | Lair:2   | Identified a +0 scimitar
 18056 | Lair:2   | Identified a +0 robe
 18331 | Lair:2   | Found a staircase to the Snake Pit.
 18604 | Lair:2   | Found a staircase to the Shoals.
 18966 | Lair:2   | Identified a scroll of enchant weapon
 18967 | Lair:2   | Identified 2 potions of lignification
 18968 | Lair:2   | Identified 2 potions of ambrosia
 18996 | Lair:3   | Reached skill level 3 in Armour
 19099 | Lair:3   | Identified a +0 plate armour
 19099 | Lair:3   | Noticed a minotaur
 19100 | Lair:3   | Noticed Veicad's ghost (journeyman OgCA)
 19108 | Lair:3   | Identified the +5 ring mail "Jas Cink" {Contam rPois Int+2}
 19175 | Lair:3   | Reached skill level 13 in Spellcasting
 19335 | Lair:3   | Reached XP level 14. HP: 99/107 MP: 0/0
 19447 | Lair:3   | Identified a +0 long sword
 19655 | Lair:3   | Reached skill level 4 in Armour
 19883 | Lair:3   | Found a runed translucent gate.
 19883 | Lair:3   | Found a runed translucent gate.
 19883 | Lair:3   | Found a runed translucent gate.
 19970 | Lair:3   | Reached **** piety under Makhleb
 20074 | Lair:3   | Reached skill level 5 in Armour
 20741 | Lair:3   | Identified a scroll of fear
 21108 | Lair:4   | Reached skill level 13 in Fighting
 21139 | Lair:4   | Identified 3 potions of brilliance
 21153 | Lair:4   | Reached skill level 6 in Armour
 21315 | Lair:4   | Identified a +0 chain mail
 22015 | Lair:4   | Found a staircase to the Slime Pits.
 22015 | Lair:4   | Found a viscous altar of Jiyva.
 22601 | Lair:5   | Entered Level 5 of the Lair of Beasts
 23069 | Lair:5   | Identified a +0 chain mail of willpower
 23074 | Lair:5   | Identified a +2 vampiric dagger
 23149 | Lair:5   | Reached skill level 7 in Armour
 23157 | Lair:5   | HP: 24/110 [death yak (18)]
 23165 | Lair:5   | Reached XP level 15. HP: 45/116 MP: 0/0
 23165 | Lair:5   | Learned a level 6 spell: Plasma Beam
 23636 | Lair:5   | Reached skill level 14 in Spellcasting
 23728 | Lair:5   | Identified a ring of wizardry
 24148 | Lair:5   | Reached skill level 14 in Fighting
 24181 | Lair:5   | Identified a +5 morningstar of venom
 24357 | Lair:5   | Reached skill level 8 in Armour
 24778 | Lair:5   | Reached ***** piety under Makhleb
 25527 | Lair:5   | Found a corrupted altar of Lugonu.
 25527 | Lair:5   | Found a one-way gate to the infinite horrors of the Abyss.
 25536 | Lair:5   | Identified a scarf of shadows
 25539 | Lair:5   | Identified an amulet of magic regeneration
 25848 | Lair:5   | Identified a +0 rapier of distortion
 26223 | D:10     | Identified a +0 robe
 27275 | D:10     | Killed a stone giant
 27512 | D:10     | Reached skill level 9 in Armour
 27634 | D:10     | Identified a +3 short sword of electrocution
 27635 | D:10     | Identified the +6 scale mail "Vietion" {Int+2}
 27639 | D:10     | Identified a +2 dagger of protection
 27640 | D:10     | Identified a +1 whip of pain
 27643 | D:10     | Identified a +0 flail
 27687 | D:10     | Found a broken altar of Ashenzari.
 27774 | D:10     | Found a stormy altar of Qazlal.
 27927 | D:10     | Killed a frost giant
 28236 | D:10     | Found an ornate altar of the Wu Jian Council.
 28469 | Lair:3   | Killed Veicad's ghost
 28565 | Lair:3   | Identified a +1 pair of boots of flying
 28770 | Lair:3   | Identified a +0 robe
 30048 | D:12     | You are sucked into a shaft and drop 3 floors!
 30048 | D:15     | Entered Level 15 of the Dungeon
 30156 | D:15     | Found a staircase to the Depths.
 30161 | D:15     | Noticed an emperor scorpion
 30168 | D:15     | Killed an emperor scorpion
 30365 | D:15     | Identified an amulet of regeneration
 30391 | D:15     | Identified a +0 robe
 30448 | D:15     | Identified a +1 scimitar of flaming
 30450 | D:15     | Identified a +0 longbow
 30463 | D:15     | Reached XP level 16. HP: 112/124 MP: 0/0
 30480 | D:15     | Identified a +4 heavy great sword
 30480 | D:15     | Identified a +0 leather armour
 30482 | D:15     | Reached skill level 15 in Fighting
 30489 | D:15     | Identified a +0 scimitar
 30489 | D:15     | Identified a +0 plate armour
 30495 | D:15     | Identified a +0 dire flail
 30495 | D:15     | Identified a +0 chain mail
 30495 | D:15     | Identified a +0 great mace
 30495 | D:15     | Identified a +0 leather armour
 30496 | D:15     | Identified a +2 rapier of electrocution
 30496 | D:15     | Identified a +0 chain mail
 30497 | D:15     | Identified a +0 rapier
 30498 | D:15     | Identified a +0 whip
 30501 | D:15     | Identified a +2 dire flail
 30501 | D:15     | Identified a +0 chain mail
 30502 | D:15     | Identified a +0 dagger
 30503 | D:15     | Identified a +0 long sword
 30505 | D:15     | Reached skill level 10 in Armour
 30506 | D:15     | Identified a +0 dagger
 30506 | D:15     | Identified a +0 robe
 30506 | D:15     | Identified a +0 long sword
 30506 | D:15     | Identified a +0 leather armour
 30507 | D:15     | Identified a +4 vampiric rapier
 30508 | D:15     | Identified a +0 dagger of speed
 30510 | D:15     | Identified a +0 longbow
 30516 | D:15     | Identified a +0 hand axe
 30517 | D:15     | Identified a +0 long sword
 30517 | D:15     | Identified a +0 club
 30529 | D:15     | Identified a +4 scimitar of flaming
 30530 | D:15     | Identified a +0 whip
 30532 | D:15     | Identified a +0 trident
 30532 | D:15     | Identified a +0 ring mail
 30532 | D:15     | Identified a +0 hand axe
 30532 | D:15     | Identified a +0 scale mail
 30548 | D:15     | Identified a +0 flail
 30548 | D:15     | Identified a +0 chain mail
 30550 | D:15     | Identified a +0 hand axe
 30550 | D:15     | Identified a +0 leather armour
 30555 | D:15     | Identified a +0 giant club
 30556 | D:15     | Identified a +0 whip
 30556 | D:15     | Identified a +0 leather armour
 30559 | D:15     | Identified a +0 hand axe
 30566 | D:15     | Identified a +0 dagger
 30566 | D:15     | Identified a +0 leather armour
 30569 | D:15     | Identified a +0 flail
 30571 | D:15     | Identified a +0 shortbow
 30577 | D:15     | Identified a +3 great mace of protection
 30577 | D:15     | Identified a +0 chain mail
 30579 | D:15     | Identified a +0 flail
 30581 | D:15     | Identified a +0 hand axe
 30581 | D:15     | Identified a +0 chain mail
 30584 | D:15     | Identified a +0 trident
 30584 | D:15     | Identified a +0 chain mail
 30584 | D:15     | Identified a +0 hand axe
 30584 | D:15     | Identified a +0 leather armour
 30592 | D:15     | Identified a +0 glaive
 30592 | D:15     | Identified a +3 arbalest
 30592 | D:15     | Identified a +0 chain mail
 30615 | D:15     | Identified a +2 hand axe of flaming
 30615 | D:15     | Identified a +3 leather armour
 30624 | D:15     | Identified a +0 battleaxe
 30624 | D:15     | Identified a +0 chain mail
 30631 | D:15     | Identified a +0 club
 30637 | D:15     | Identified a +0 war axe
 30637 | D:15     | Identified a +0 chain mail
 30643 | D:15     | Identified a +0 giant spiked club
 30654 | D:15     | Identified a +0 club
 30656 | D:15     | Identified a +0 long sword
 30656 | D:15     | Identified a +0 chain mail
 30659 | D:15     | Identified a +0 flail
 30659 | D:15     | Identified a +0 chain mail
 30664 | D:15     | Identified a +0 club
 30664 | D:15     | Identified a +0 scale mail
 30665 | D:15     | Identified a +0 dagger
 30669 | D:15     | Reached ****** piety under Makhleb
 30771 | D:15     | Identified a +0 pair of gloves
 30785 | D:15     | Identified a scarf of resistance
 30821 | D:15     | Reached skill level 15 in Spellcasting
 31057 | D:15     | Identified a +0 chain mail
 31348 | D:13     | Identified a +0 shortbow
 31349 | D:13     | Identified a +0 shortbow
 31349 | D:13     | Identified a +0 shortbow
 31357 | D:13     | Identified a +0 shortbow
 31396 | D:13     | Identified a +0 longbow
 31418 | D:13     | Identified a +2 pair of boots
 31599 | D:13     | Identified a +0 pair of gloves
 31645 | D:13     | Identified a +5 ring of evasion
 31790 | D:13     | Identified the +2 long sword of Nezual {speed, rF+ Will+
                  | Str-2 Dex+3}
 31822 | D:13     | Identified a +0 arbalest
 31822 | D:13     | Identified a +0 club
 31822 | D:13     | Identified a +0 dagger of venom
 31822 | D:13     | Identified a +0 robe
 31823 | D:13     | Identified a +0 shortbow
 31823 | D:13     | Identified a +0 short sword
 31823 | D:13     | Identified a +0 arbalest
 31824 | D:13     | Identified a +0 longbow
 31825 | D:13     | Identified a +0 short sword
 31826 | D:13     | Identified a +0 falchion
 31827 | D:13     | Identified a +0 dagger
 31827 | D:13     | Identified a +0 robe
 31830 | D:13     | Identified a +0 shortbow
 31832 | D:13     | Identified a +0 battleaxe
 31832 | D:13     | Identified a +0 plate armour
 31833 | D:13     | Identified a +0 short sword
 31833 | D:13     | Identified a +0 shortbow
 31833 | D:13     | Identified a +0 robe
 31833 | D:13     | Identified a +0 dagger
 31833 | D:13     | Identified a +0 chain mail
 31858 | D:13     | Identified a +0 longbow of freezing
 31924 | D:13     | Identified a +0 shortbow
 31926 | D:13     | Identified a +0 hand axe
 31926 | D:13     | Identified a +0 ring mail
 31930 | D:13     | Identified a +0 arbalest
 31932 | D:13     | Identified a +0 arbalest
 31993 | D:13     | Found a gate to the Vaults.
 32077 | D:13     | Identified a +2 shortbow of draining
 32077 | D:13     | Identified a +0 shortbow
 32077 | D:13     | Identified a +0 shortbow
 32078 | D:13     | Identified a +0 shortbow
 32498 | D:13     | Identified a ring of positive energy
 32655 | D:12     | Found the +4 robe of Augmentation {Str+4 Int+4 Dex+4}
 32735 | D:12     | Identified a +0 short sword
 32735 | D:12     | Identified a +0 ring mail
 32791 | D:12     | Identified a +0 broad axe
 32791 | D:12     | Identified a +0 arbalest
 32791 | D:12     | Identified a +0 chain mail
 32791 | D:12     | Identified a +0 glaive
 32791 | D:12     | Identified a +0 chain mail
 32795 | D:12     | Identified a +0 dagger
 32796 | D:12     | Identified a +0 war axe
 32796 | D:12     | Identified a +0 ring mail
 32801 | D:12     | Identified a +1 whip of venom
 32801 | D:12     | Identified a +0 leather armour
 32892 | D:12     | Reached skill level 16 in Fighting
 32956 | D:12     | Found a staircase to the Orcish Mines.
 33041 | D:12     | Identified a +0 short sword
 33041 | D:12     | Identified a +0 dagger
 33041 | D:12     | Identified a +0 falchion
 33042 | D:12     | Identified a +0 falchion
 33042 | D:12     | Identified a +0 dagger
 33042 | D:12     | Identified a +0 short sword
 33042 | D:12     | Identified a +0 spear
 33044 | D:12     | Identified a +0 spear
 33048 | D:12     | Found a hide-covered altar of Uskayaw.
 33337 | D:14     | Identified a +0 battleaxe
 33337 | D:14     | Identified a +0 short sword
 33344 | D:14     | Identified a +0 glaive
 33345 | D:14     | Identified a +0 glaive
 33345 | D:14     | Identified a +0 hand axe
 33616 | D:14     | Identified the +3 trident "Dynosusch" {pain, rPois rF+
                  | Int-5 Dex+3}
 33667 | D:14     | Identified a +0 shortbow
 33690 | D:14     | Found a shadowy altar of Dithmenos.
 33723 | D:14     | Identified a +0 war axe
 33723 | D:14     | Identified a +0 leather armour
 33723 | D:14     | Identified a +0 kite shield
 33747 | D:14     | Identified a +0 shortbow
 34241 | Orc:1    | Entered Level 1 of the Orcish Mines
 34241 | Orc:1    | Identified a +0 flail
 34241 | Orc:1    | Identified a +0 ring mail
 34262 | Orc:1    | Identified a +0 giant spiked club
 34339 | Orc:1    | Identified a +0 dagger
 34339 | Orc:1    | Identified a +1 battleaxe of venom
 34339 | Orc:1    | Identified a +0 plate armour
 34355 | Orc:1    | Identified a +0 dagger
 34355 | Orc:1    | Identified a +0 chain mail
 34358 | Orc:1    | Identified a +0 club
 34358 | Orc:1    | Identified a +0 chain mail
 34360 | Orc:1    | Identified a +0 club
 34362 | Orc:1    | Identified a +0 giant club
 34362 | Orc:1    | Identified a +0 robe
 34362 | Orc:1    | Noticed Erolcha
 34362 | Orc:1    | Identified a +0 flail
 34364 | Orc:1    | Identified a +0 short sword
 34364 | Orc:1    | Identified a +0 chain mail
 34364 | Orc:1    | Identified a +0 short sword
 34368 | Orc:1    | Identified a +0 club
 34368 | Orc:1    | Identified a +0 leather armour
 34368 | Orc:1    | Identified a +3 trident of flaming
 34368 | Orc:1    | Identified a +0 chain mail
 34373 | Orc:1    | Killed Erolcha
 34376 | Orc:1    | Identified a +0 club
 34376 | Orc:1    | Identified a +0 ring mail
 34396 | Orc:1    | Identified a +0 flail
 34396 | Orc:1    | Identified a +0 plate armour
 34400 | Orc:1    | Identified a +1 flail of holy wrath
 34400 | Orc:1    | Identified a +0 leather armour
 34401 | Orc:1    | Identified a +0 halberd
 34401 | Orc:1    | Identified a +0 plate armour
 34403 | Orc:1    | Identified a +3 battleaxe
 34403 | Orc:1    | Identified a +0 plate armour
 34406 | Orc:1    | Identified a +0 hand axe
 34409 | Orc:1    | Identified a +0 flail
 34411 | Orc:1    | Identified a +0 falchion
 34411 | Orc:1    | Identified a +0 leather armour
 34412 | Orc:1    | Identified a +0 dagger
 34412 | Orc:1    | Identified a +0 robe
 34418 | Orc:1    | Identified a +0 club
 34418 | Orc:1    | Identified a +0 scale mail
 34419 | Orc:1    | Identified a +0 hand axe
 34419 | Orc:1    | Identified a +0 leather armour
 34422 | Orc:1    | Identified a +0 mace
 34422 | Orc:1    | Identified a +0 ring mail
 34423 | Orc:1    | Identified a +0 mace
 34424 | Orc:1    | Identified a +0 mace
 34425 | Orc:1    | Identified a +0 dagger
 34425 | Orc:1    | Identified a +0 leather armour
 34428 | Orc:1    | Identified a +0 short sword
 34428 | Orc:1    | Identified a +0 chain mail
 34428 | Orc:1    | Identified a +0 mace
 34430 | Orc:1    | Identified a +0 whip
 34617 | Orc:1    | Found a transporter.
 34620 | Orc:1    | Identified a +0 dagger
 34620 | Orc:1    | Identified a +0 robe
 34622 | Orc:1    | Identified a +0 flail
 34622 | Orc:1    | Identified a +0 leather armour
 34623 | Orc:1    | Reached XP level 17. HP: 127/135 MP: 0/0
 34623 | Orc:1    | Learned a level 7 spell: Malign Gateway
 34624 | Orc:1    | Identified a +0 club
 34624 | Orc:1    | Identified a +0 leather armour
 34624 | Orc:1    | Identified a +0 dire flail
 34624 | Orc:1    | Identified a +0 plate armour
 34625 | Orc:1    | Identified a +0 battleaxe
 34625 | Orc:1    | Identified a +0 ring mail
 34627 | Orc:1    | Identified a +0 falchion
 34628 | Orc:1    | Identified a +0 short sword
 34628 | Orc:1    | Identified a +0 chain mail
 34644 | Orc:1    | Identified a +0 heavy dire flail
 34644 | Orc:1    | Identified a +2 dire flail of protection
 34652 | Orc:1    | Identified a +2 spear of freezing
 34652 | Orc:1    | Identified a +0 hand axe
 34652 | Orc:1    | Identified a +1 scale mail of cold resistance
 34655 | Orc:1    | Identified a +0 dire flail
 34655 | Orc:1    | Identified a +0 dire flail
 34721 | Orc:1    | Identified a +0 dagger
 34721 | Orc:1    | Identified a +0 robe
 34792 | Orc:1    | Identified a +0 troll leather armour
 34805 | Orc:1    | Identified a +0 short sword
 34833 | Orc:1    | Identified a +0 giant club
 34836 | Orc:1    | Identified a +0 flail
 34837 | Orc:1    | Identified a +0 whip
 34838 | Orc:1    | Identified a +0 club
 34838 | Orc:1    | Identified a +0 leather armour
 34839 | Orc:1    | Identified a +0 hand axe
 34839 | Orc:1    | Identified a +0 ring mail
 34840 | Orc:1    | Identified a +1 dagger of venom
 34840 | Orc:1    | Identified a +0 robe
 34842 | Orc:1    | Identified a +0 short sword
 34842 | Orc:1    | Identified a +0 chain mail
 34844 | Orc:1    | Identified a +0 hand axe
 34844 | Orc:1    | Identified a +0 chain mail
 34941 | Orc:1    | Identified a +0 dagger of venom
 34941 | Orc:1    | Identified a +0 robe
 34941 | Orc:1    | Noticed Nergalle
 34962 | Orc:1    | Identified a +0 dagger
 34962 | Orc:1    | Identified a +0 robe
 34965 | Orc:1    | Identified a +0 dagger
 34965 | Orc:1    | Identified a +0 robe
 34993 | Orc:1    | Found a transporter.
 35022 | Orc:1    | Found a transporter.
 35023 | Orc:1    | Noticed Masimoik's ghost (journeyman OgFE)
 35024 | Orc:1    | Identified a +0 giant spiked club
 35024 | Orc:1    | Identified a +0 giant spiked club
 35024 | Orc:1    | Identified the +5 great mace "Cujo" {pain, Will+++ Dex-5
                  | Stlth+}
 35024 | Orc:1    | Identified the +4 giant club of Destiny {elec, Str+5}
 35026 | Orc:1    | Identified a +0 dire flail
 35026 | Orc:1    | Identified a +0 giant club
 35094 | Orc:1    | Killed Masimoik's ghost
 35141 | Orc:1    | Identified a +0 dagger
 35141 | Orc:1    | Identified a +0 robe
 35145 | Orc:1    | Identified a +0 dire flail
 35145 | Orc:1    | Identified a +0 plate armour
 35146 | Orc:1    | Found a transporter.
 35146 | Orc:1    | Identified a +1 dire flail of protection
 35146 | Orc:1    | Identified a +2 dire flail of holy wrath
 35146 | Orc:1    | Identified a +0 dagger
 35179 | Orc:2    | Entered Level 2 of the Orcish Mines
 35179 | Orc:2    | Identified a +0 flail
 35179 | Orc:2    | Identified a +0 dagger
 35179 | Orc:2    | Identified a +2 hand axe of freezing
 35179 | Orc:2    | Identified a +0 scale mail
 35179 | Orc:2    | Identified a +0 hand axe
 35179 | Orc:2    | Identified a +0 dagger
 35179 | Orc:2    | Identified a +0 robe
 35183 | Orc:2    | Identified a +0 dagger
 35184 | Orc:2    | Identified a +0 battleaxe
 35184 | Orc:2    | Identified a +0 plate armour
 35186 | Orc:2    | Identified a +0 giant club
 35188 | Orc:2    | Identified a +0 hand axe
 35190 | Orc:2    | Identified a +0 dagger
 35192 | Orc:2    | Identified a +0 halberd
 35192 | Orc:2    | Identified a +0 plate armour
 35194 | Orc:2    | Identified a +0 giant club
 35196 | Orc:2    | Identified a +0 giant spiked club
 35197 | Orc:2    | Identified a +0 flail
 35199 | Orc:2    | Identified a +0 dagger
 35199 | Orc:2    | Identified a +0 robe
 35202 | Orc:2    | Identified a +0 club
 35202 | Orc:2    | Identified a +0 giant club
 35202 | Orc:2    | Identified a +0 hand axe
 35202 | Orc:2    | Identified a +0 arbalest
 35202 | Orc:2    | Identified a +0 plate armour
 35204 | Orc:2    | Identified a +0 dagger
 35204 | Orc:2    | Identified a +0 chain mail
 35236 | Orc:2    | Found a dark tunnel.
 35246 | Volcano  | Entered a volcano
 35364 | Volcano  | Identified a +2 trident of flaming
 35525 | Volcano  | Identified a +2 halberd of flaming
 35525 | Volcano  | Identified a +0 chain mail of fire resistance
 35543 | Volcano  | Found a burning altar of Makhleb.
 35587 | Volcano  | Identified a +0 flail
 35626 | Volcano  | Identified a +2 lajatang of flaming
 35635 | Volcano  | Identified a +3 plate armour of fire resistance
 35651 | Volcano  | Identified a +0 mace
 35707 | Volcano  | Identified a +0 battleaxe of flaming
 35712 | Volcano  | Identified a +3 leather armour of fire resistance
 35867 | Orc:2    | Identified a +0 mace
 35867 | Orc:2    | Identified a +0 ring mail
 35929 | Orc:2    | Found a staircase to the Elven Halls.
 35992 | Orc:2    | Identified a +0 scimitar
 36047 | Orc:2    | Identified a +0 dagger
 36047 | Orc:2    | Identified a +0 robe
 36048 | Orc:2    | Identified a +0 dagger
 36048 | Orc:2    | Identified a +0 robe
 36049 | Orc:2    | Identified a +0 war axe
 36049 | Orc:2    | Identified a +0 war axe
 36049 | Orc:2    | Identified a +0 chain mail
 36049 | Orc:2    | Identified a +0 dagger
 36049 | Orc:2    | Identified a +0 robe
 36049 | Orc:2    | Identified a +0 great mace
 36049 | Orc:2    | Identified a +0 chain mail
 36050 | Orc:2    | Identified a +3 battleaxe
 36050 | Orc:2    | Identified a +0 chain mail
 36051 | Orc:2    | Identified a +0 hand axe
 36051 | Orc:2    | Identified a +0 chain mail
 36051 | Orc:2    | Identified a +0 scimitar
 36051 | Orc:2    | Identified a +0 plate armour
 36052 | Orc:2    | Identified a +0 dagger
 36052 | Orc:2    | Identified a +0 robe
 36053 | Orc:2    | Reached skill level 17 in Fighting
 36053 | Orc:2    | Identified a +0 war axe
 36053 | Orc:2    | Identified a +0 ring mail
 36053 | Orc:2    | Identified a +0 scimitar
 36053 | Orc:2    | Identified a +0 plate armour
 36053 | Orc:2    | Identified a +0 glaive
 36053 | Orc:2    | Identified a +0 dagger
 36053 | Orc:2    | Identified a +0 robe
 36054 | Orc:2    | Identified a +0 dagger
 36054 | Orc:2    | Identified a +2 robe of resistance
 36054 | Orc:2    | Identified a +0 hand axe
 36054 | Orc:2    | Identified a +0 battleaxe
 36054 | Orc:2    | Identified a +0 plate armour
 36055 | Orc:2    | Reached skill level 16 in Spellcasting
 36055 | Orc:2    | Identified a +0 dagger
 36055 | Orc:2    | Identified a +0 robe
 36055 | Orc:2    | Identified a +0 hand axe
 36055 | Orc:2    | Identified a +0 chain mail
 36056 | Orc:2    | Identified a +0 trident
 36056 | Orc:2    | Identified a +0 war axe
 36056 | Orc:2    | Identified a +0 plate armour
 36056 | Orc:2    | Identified a +0 dagger
 36056 | Orc:2    | Identified a +0 robe
 36058 | Orc:2    | Identified a +0 flail
 36058 | Orc:2    | Identified a +0 leather armour
 36058 | Orc:2    | Identified a +0 heavy long sword
 36058 | Orc:2    | Identified a +0 chain mail
 36059 | Orc:2    | Identified a +0 war axe
 36068 | Orc:2    | Found Lumian Vitz's Jewellery Boutique.
 36068 | Orc:2    | Found Dihuptufu's Antique Weapon Boutique.
 36069 | Orc:2    | Found Uxket's Jewellery Shoppe.
 36069 | Orc:2    | Found Diyweat's Weapon Shoppe.
 36239 | Orc:2    | Found Unuz's Weapon Shoppe.
 36242 | Orc:2    | Identified a +0 club
 36243 | Orc:2    | Identified a +0 short sword
 36243 | Orc:2    | Identified a +0 plate armour
 36243 | Orc:2    | Identified a +0 giant spiked club
 36244 | Orc:2    | Identified a +0 dagger
 36244 | Orc:2    | Identified a +0 robe
 36246 | Orc:2    | Identified a +0 dagger
 36247 | Orc:2    | Identified a +1 hand axe of flaming
 36250 | Orc:2    | Identified a +0 giant club
 36250 | Orc:2    | Identified a +0 giant club
 36251 | Orc:2    | Identified a +0 glaive
 36251 | Orc:2    | Identified a +0 chain mail
 36252 | Orc:2    | Identified a +0 dagger
 36252 | Orc:2    | Identified a +0 robe
 36255 | Orc:2    | Identified a +2 heavy flail
 36256 | Orc:2    | Identified a +0 giant club
 36263 | Orc:2    | Identified a +0 giant spiked club
 36690 | Orc:2    | Bought a dazzling rapier for 279 gold pieces
 36690 | Orc:2    | Identified the +1 rapier of Xom's Righteous Anger {vamp,
                  | rPois rF+ Str+7 Int-2} (You bought it in a shop on level 2
                  | of the Orcish Mines)
 36691 | Orc:2    | Bought a fine short sword for 248 gold pieces
 36691 | Orc:2    | Identified the +1 short sword of Epnik {holy, rC+++ rCorr
                  | Str-3 Int-5} (You bought it in a shop on level 2 of the
                  | Orcish Mines)
 36840 | Snake:1  | Entered Level 1 of the Snake Pit
 36922 | Snake:1  | Identified a +0 long sword
 36922 | Snake:1  | Identified a +0 longbow
 36922 | Snake:1  | Identified a +0 robe
 36923 | Snake:1  | Identified a +3 short sword
 36923 | Snake:1  | Identified a +0 longbow
 36923 | Snake:1  | Identified a +0 halberd
 37044 | Snake:1  | Identified a +2 war axe of freezing
 37044 | Snake:1  | Identified a +0 shortbow
 37044 | Snake:1  | Identified a +0 robe
 37044 | Snake:1  | Identified a +0 flail
 37044 | Snake:1  | Identified a +0 robe
 37045 | Snake:1  | Identified a +0 long sword
 37045 | Snake:1  | Identified a +0 robe
 37051 | Snake:1  | Identified a +0 battleaxe
 37051 | Snake:1  | Identified a +0 robe
 37088 | Snake:1  | Identified a +3 glaive
 37255 | Snake:1  | Identified a +1 vampiric rapier
 37368 | Snake:1  | Identified a +0 war axe
 37389 | Snake:1  | Identified a +0 glaive
 37486 | Snake:1  | Identified a +0 dire flail
 37648 | Snake:1  | Identified a +0 quarterstaff
 37749 | Snake:2  | Identified a +0 halberd
 37793 | Snake:2  | Identified a scroll of silence
 37823 | Snake:2  | Found Ujosahi's Weapon Shop.
 37824 | Snake:2  | Identified a +0 halberd
 37824 | Snake:2  | Identified a +0 robe of willpower
 37825 | Snake:2  | Identified a +0 glaive
 37924 | Snake:2  | Identified a +0 dire flail
 37981 | Snake:2  | Found Ippok's Weapon Shoppe.
 37983 | Snake:2  | Found Wiowkic's Jewellery Shoppe.
 37991 | Snake:2  | Found Baacatetz's Magic Scroll Shoppe.
 37999 | Snake:2  | Bought a scroll of teleportation for 42 gold pieces
 37999 | Snake:2  | Bought a scroll of teleportation for 42 gold pieces
 37999 | Snake:2  | Bought a scroll of noise for 14 gold pieces
 38262 | Snake:2  | Found Boodeog's Distillery.
 38317 | Snake:2  | Bought a potion of heal wounds for 70 gold pieces
 38326 | Snake:2  | Identified a +0 flail
 38326 | Snake:2  | Identified a +0 robe
 38557 | Snake:3  | Identified a +0 morningstar of draining
 38557 | Snake:3  | Identified a +0 plate armour of poison resistance
 38557 | Snake:3  | Identified a +0 tower shield
 38557 | Snake:3  | Noticed Louise
 38564 | Snake:3  | Killed Louise
 38577 | Snake:3  | Identified a +0 mace
 38702 | Snake:3  | Identified a +2 trident
 38716 | Snake:3  | Identified a +0 long sword
 38723 | Snake:3  | Identified a +0 scimitar
 38724 | Snake:3  | Identified a +0 flail
 38758 | Snake:3  | Identified a +0 battleaxe
 38758 | Snake:3  | Identified a +0 shortbow
 38760 | Snake:3  | Identified a +0 long sword
 38760 | Snake:3  | Identified a +0 shortbow
 38765 | Snake:3  | Reached skill level 17 in Spellcasting
 38765 | Snake:3  | Identified a +0 war axe
 38765 | Snake:3  | Identified a +0 robe
 38767 | Snake:3  | Identified a +1 vampiric trident
 38767 | Snake:3  | Identified a +0 longbow
 38767 | Snake:3  | Identified a +1 barding of flying
 38767 | Snake:3  | Noticed Vashnia
 38767 | Snake:3  | Identified a +0 war axe
 38767 | Snake:3  | Identified a +1 heavy war axe
 38767 | Snake:3  | Identified a +0 scimitar
 38767 | Snake:3  | Identified a +0 shortbow
 38767 | Snake:3  | Identified a +0 robe
 38767 | Snake:3  | Identified a +6 ring of strength
 38773 | Snake:3  | Identified a +0 glaive of protection
 38773 | Snake:3  | Identified a +0 robe
 38773 | Snake:3  | Identified a +2 dire flail of protection
 38859 | Snake:3  | Identified a +0 battleaxe
 38859 | Snake:3  | Identified a +3 shortbow
 38861 | Snake:3  | Identified a +0 flail
 38861 | Snake:3  | Identified a +0 arbalest
 38861 | Snake:3  | Identified a +0 robe
 38872 | Snake:3  | Identified a +0 shortbow
 38872 | Snake:3  | Identified a +0 war axe
 38875 | Snake:3  | Killed Vashnia
 38877 | Snake:3  | Reached XP level 18. HP: 47/143 MP: 0/0
 38995 | Snake:3  | Identified a +0 longbow
 38995 | Snake:3  | Identified a +0 scimitar
 38995 | Snake:3  | Identified a +0 robe
 39046 | Snake:3  | Identified a +0 hand axe
 39046 | Snake:3  | Identified a +0 robe
 39156 | Snake:3  | Identified a +0 long sword of draining
 39156 | Snake:3  | Identified a +0 arbalest
 39162 | Snake:3  | Identified a +0 spear
 39162 | Snake:3  | Identified a +0 robe
 39162 | Snake:3  | Identified a +0 long sword
 39162 | Snake:3  | Identified a +0 robe
 39166 | Snake:3  | Identified a +0 dire flail
 39173 | Snake:3  | Identified a +0 mace
 39176 | Snake:3  | Identified a +1 flail of draining
 39187 | Snake:3  | Identified a +0 short sword
 39187 | Snake:3  | Identified a +0 robe
 39226 | Snake:3  | Identified a +0 spear
 39256 | Snake:3  | Identified a +3 flail of draining
 39256 | Snake:3  | Identified a +0 robe
 39277 | Snake:3  | Identified a +0 ring mail
 39328 | Snake:3  | Identified a +0 leather armour
 39344 | Snake:3  | Found Qaug Seu's Jewellery Boutique.
 39345 | Snake:3  | Found Qatoovomm's Book Shoppe.
 39347 | Snake:3  | Found Ebeang's Jewellery Boutique.
 39725 | Snake:4  | Entered Level 4 of the Snake Pit
 39725 | Snake:4  | Identified a +0 battleaxe
 39732 | Snake:4  | Identified a +0 mace
 39732 | Snake:4  | Identified a +0 robe
 39756 | Snake:4  | Identified a +0 morningstar
 39826 | Snake:4  | Identified a +0 battleaxe
 39828 | Snake:4  | Identified a +0 halberd
 39833 | Snake:4  | Identified a +2 heavy long sword
 39838 | Snake:4  | Identified a +2 spear of venom
 39838 | Snake:4  | Identified a +0 flail
 39840 | Snake:4  | Identified a +0 war axe
 39840 | Snake:4  | Identified a +0 flail
 39840 | Snake:4  | Identified a +0 robe
 39843 | Snake:4  | Identified a +0 morningstar
 39843 | Snake:4  | Identified a +0 shortbow
 39843 | Snake:4  | Identified a +0 robe
 39847 | Snake:4  | Identified a +0 long sword
 39847 | Snake:4  | Identified a +0 shortbow
 39849 | Snake:4  | Identified a +0 short sword
 39849 | Snake:4  | Identified a +0 robe
 39854 | Snake:4  | Identified a +0 flail
 39900 | Snake:4  | Identified a +0 trident
 39900 | Snake:4  | Identified a +1 halberd of freezing
 40027 | Snake:4  | Identified a +2 halberd
 40027 | Snake:4  | Identified a +0 short sword
 40027 | Snake:4  | Identified a +0 shortbow
 40027 | Snake:4  | Identified a +0 robe
 40028 | Snake:4  | Identified a +0 spear
 40028 | Snake:4  | Identified a +0 shortbow of flaming
 40040 | Snake:4  | Reached skill level 18 in Spellcasting
 40050 | Snake:4  | Identified a +0 long sword
 40050 | Snake:4  | Identified a +0 robe
 40051 | Snake:4  | Identified a +0 halberd
 40073 | Snake:4  | Identified a +0 quarterstaff
 40104 | Snake:4  | Identified a +0 dagger
 40104 | Snake:4  | Identified a +0 robe
 40161 | Snake:4  | Identified a +0 scimitar
 40161 | Snake:4  | Identified a +0 arbalest
 40195 | Snake:4  | Identified a +0 mace
 40195 | Snake:4  | Identified a +0 robe
 40292 | Snake:4  | Identified a +0 long sword
 40292 | Snake:4  | Identified a +0 robe
 40342 | Snake:4  | Identified a +3 battleaxe
 40342 | Snake:4  | Identified a +0 robe
 40347 | Snake:4  | Identified a +0 mace
 40347 | Snake:4  | Identified a +0 robe
 40353 | Snake:4  | Reached skill level 1 in Invocations
 40441 | Snake:4  | Found a frozen archway.
 40452 | IceCv    | Entered an ice cave
 40482 | IceCv    | Reached skill level 3 in Dodging
 40542 | IceCv    | Reached skill level 2 in Invocations
 40568 | IceCv    | Identified a +1 cloak of cold resistance
 40673 | IceCv    | Identified a +0 scale mail
 40737 | IceCv    | Reached skill level 4 in Dodging
 40794 | IceCv    | Reached skill level 3 in Invocations
 40812 | IceCv    | Reached skill level 18 in Fighting
 40960 | IceCv    | Identified the +0 ice dragon scales of the Moon {*Corrode
                  | rElec rF- rC++ Dex+6 SInv}
 40990 | IceCv    | Gained mutation: You are dopey. (Int -2) [mutagenic glow]
 41169 | IceCv    | Identified a +2 eveningstar of protection
 41170 | IceCv    | Identified a +0 kite shield of cold resistance
 41171 | IceCv    | Identified a +0 arbalest of freezing
 41174 | IceCv    | Identified a +1 halberd of freezing
 41175 | IceCv    | Identified the +0 rapier of Cheibriados's Wrath {drain, rC-
                  | Dex+5 Stlth+}
 41181 | IceCv    | Identified the ring of Puisko With {Ice Str+3}
 41692 | Snake:4  | Identified a scroll of immolation
 41693 | Snake:4  | Identified a potion of resistance
 41700 | Snake:4  | Identified a +0 trident
 41726 | Snake:4  | Identified a +0 club
 41735 | Snake:4  | Reached skill level 5 in Dodging
 41753 | Snake:4  | Identified a +0 quarterstaff
 41753 | Snake:4  | Identified a +0 robe
 41764 | Snake:4  | Reached skill level 4 in Invocations
 41765 | Snake:4  | Identified a +0 hand axe of freezing
 41765 | Snake:4  | Identified a +0 robe
 41771 | Snake:4  | Identified a +0 spear
 41771 | Snake:4  | Identified a +0 robe of fire resistance
 41807 | Snake:4  | Identified a +0 mace
 41807 | Snake:4  | Identified a +0 robe
 41808 | Snake:4  | Identified a +0 dire flail
 41845 | Snake:4  | Identified a +0 club
 41845 | Snake:4  | Identified a +0 robe
 41845 | Snake:4  | Identified a +0 war axe
 41845 | Snake:4  | Identified a +0 shortbow
 41845 | Snake:4  | Identified a +0 robe
 41867 | Snake:4  | Reached XP level 19. HP: 81/150 MP: 0/0
 41867 | Snake:4  | Learned a level 6 spell: Starburst
 41994 | Snake:4  | Identified a +0 whip
 41994 | Snake:4  | Identified a +0 robe
 42029 | Snake:4  | Reached skill level 6 in Dodging
 42034 | Snake:4  | Identified a +0 halberd
 42034 | Snake:4  | Identified a +0 robe
 42049 | Snake:4  | Reached skill level 5 in Invocations
 42152 | Snake:4  | Identified a +0 shortbow of flaming
 42244 | Snake:4  | Identified a +0 flail
 42246 | Snake:4  | Identified a +0 shortbow of flaming
 42246 | Snake:4  | Identified the +8 plate armour of the Durable God {rPois
                  | Str+3}
 42256 | Snake:4  | Identified a +0 whip
 42258 | Snake:4  | Identified a +0 dagger
 42258 | Snake:4  | Identified a +3 leather armour
 42266 | Snake:4  | Identified a +0 mace
 42266 | Snake:4  | Identified a +0 robe
 42310 | Snake:4  | Got a serpentine rune of Zot
 42520 | Shoals:1 | Entered Level 1 of the Shoals
 42856 | Shoals:1 | Noticed Aizul
 42860 | Shoals:1 | Killed Aizul
 42861 | Shoals:1 | Identified a +0 trident
 42861 | Shoals:1 | Identified a +1 trident of freezing
 42869 | Shoals:1 | Identified a +0 trident
 42881 | Shoals:1 | Reached skill level 7 in Dodging
 42945 | Shoals:1 | Identified a +0 spear
 42955 | Shoals:1 | Reached skill level 6 in Invocations
 42961 | Shoals:1 | Identified a +0 quarterstaff
 42961 | Shoals:1 | Identified a +0 sling
 43126 | Shoals:1 | Identified a +0 spear
 43126 | Shoals:1 | Identified a +0 sling
 43127 | Shoals:1 | Identified a +0 antimagic trident
 43310 | Shoals:1 | Identified a +1 trident of flaming
 43318 | Shoals:1 | Identified a +6 ring of intelligence
 43425 | Shoals:1 | Identified a +0 ring mail
 43832 | Shoals:2 | Identified a +0 club
 43832 | Shoals:2 | Identified a +0 sling
 43833 | Shoals:2 | Identified a +0 quarterstaff
 43833 | Shoals:2 | Identified a +0 sling
 43834 | Shoals:2 | Identified a +0 club
 43834 | Shoals:2 | Identified a +0 sling
 43835 | Shoals:2 | Identified a +0 quarterstaff
 43835 | Shoals:2 | Identified a +0 sling
 43835 | Shoals:2 | Identified a +0 trident
 43835 | Shoals:2 | Identified a +0 quarterstaff
 43835 | Shoals:2 | Identified a +0 sling
 43836 | Shoals:2 | Identified a +0 quarterstaff
 43836 | Shoals:2 | Identified a +0 sling
 43837 | Shoals:2 | Identified a +0 shortbow
 43874 | Shoals:2 | Identified a +0 trident
 43887 | Shoals:2 | Identified a +1 trident of pain
 43887 | Shoals:2 | Identified a +0 leather armour
 43903 | Shoals:2 | Identified a +0 spear
 43903 | Shoals:2 | Identified a +2 sling of draining
 43903 | Shoals:2 | Identified a +0 trident
 43910 | Shoals:2 | Identified a +0 trident
 43911 | Shoals:2 | Identified a +0 trident
 43915 | Shoals:2 | Identified a +0 great mace
 43961 | Shoals:2 | Reached skill level 8 in Dodging
 43974 | Shoals:2 | Reached skill level 7 in Invocations
 44015 | Shoals:2 | Identified a +0 quarterstaff
 44015 | Shoals:2 | Identified a +0 longbow
 44063 | Shoals:2 | Identified a +0 longbow
 44063 | Shoals:2 | Identified a +0 club
 44292 | Shoals:2 | Identified a +0 morningstar
 44362 | Shoals:2 | Identified a +0 heavy trident
 44375 | Shoals:2 | Identified a +0 trident
 44376 | Shoals:2 | Identified a +0 trident
 44393 | Shoals:2 | Identified a +0 spear
 44393 | Shoals:2 | Identified a +0 sling
 44395 | Shoals:2 | Identified a +0 trident
 44396 | Shoals:2 | Identified a +2 spear of flaming
 44396 | Shoals:2 | Identified a +0 sling
 44399 | Shoals:2 | Identified a +0 spear
 44399 | Shoals:2 | Identified a +0 sling
 44516 | Shoals:2 | Identified a +0 trident
 44518 | Shoals:2 | Identified a +0 spear
 44522 | Shoals:2 | Identified a +1 trident of freezing
 44522 | Shoals:2 | Identified a +0 robe
 44522 | Shoals:2 | Noticed Ilsuiw
 44522 | Shoals:2 | Identified a +3 heavy trident
 44522 | Shoals:2 | Identified a +0 leather armour
 44527 | Shoals:2 | Reached skill level 8 in Invocations
 44528 | Shoals:2 | Killed Ilsuiw
 45014 | Shoals:3 | Identified a +0 spear
 45014 | Shoals:3 | Identified a +0 sling
 45014 | Shoals:3 | Identified a +0 spear
 45014 | Shoals:3 | Identified a +0 sling
 45014 | Shoals:3 | Identified a +0 trident
 45016 | Shoals:3 | Identified a +0 quarterstaff
 45016 | Shoals:3 | Identified a +0 sling
 45019 | Shoals:3 | Identified a +0 club
 45019 | Shoals:3 | Identified a +0 sling
 45024 | Shoals:3 | Identified a +0 trident
 45037 | Shoals:3 | Identified a +0 spear
 45037 | Shoals:3 | Identified a +0 sling
 45040 | Shoals:3 | Identified the +10 quarterstaff of the Arcadian God {venom,
                  | *Rage rElec Str+3 Dex+2}
 45040 | Shoals:3 | Identified a +0 spear
 45040 | Shoals:3 | Identified a +0 sling
 45068 | Shoals:3 | Identified a +0 trident
 45087 | Shoals:3 | Identified a +0 trident of venom
 45087 | Shoals:3 | Identified a +0 leather armour
 45089 | Shoals:3 | Identified a +0 spear
 45089 | Shoals:3 | Identified a +0 halberd
 45089 | Shoals:3 | Identified a +0 antimagic trident
 45089 | Shoals:3 | Identified a +2 robe of willpower
 45119 | Shoals:2 | Identified a +0 flail
 45147 | Shoals:3 | Identified a +0 spear
 45156 | Shoals:3 | Reached XP level 20. HP: 144/157 MP: 0/0
 45158 | Shoals:3 | Identified a +0 spear
 45158 | Shoals:3 | Identified a +0 longbow
 45216 | Shoals:3 | Identified the +6 dire flail "Viepsiah" {drain, Str+3 Int+2
                  | Dex+3}
 45354 | Shoals:3 | Identified a +0 trident
 45356 | Shoals:3 | Identified a +0 robe
 45361 | Shoals:3 | Identified a +0 spear
 45362 | Shoals:3 | Identified a +0 spear
 45387 | Shoals:3 | Identified a +0 spear of freezing
 45387 | Shoals:3 | Identified a +0 leather armour
 45389 | Shoals:3 | Identified a +0 trident
 45390 | Shoals:3 | Identified a +0 trident
 45391 | Shoals:3 | Identified a +0 trident
 45400 | Shoals:3 | HP: 33/157 [merfolk javelineer/silver javelin (17)]
 45401 | Shoals:3 | HP: 6/157 [merfolk javelineer/silver javelin (10)]
 45553 | Shoals:3 | Identified a +0 quarterstaff
 45640 | Shoals:3 | Identified a +0 spear
 45669 | Shoals:3 | Identified a +0 leather armour
 45695 | Shoals:3 | Identified a +4 sling of draining
 46194 | Shoals:4 | Entered Level 4 of the Shoals
 46221 | Shoals:4 | Noticed Kirke
 46227 | Shoals:4 | Killed Kirke
 46230 | Shoals:4 | Identified a +3 spear
 46230 | Shoals:4 | Identified a +0 trident
 46261 | Shoals:4 | Identified a +0 spear
 46261 | Shoals:4 | Identified a +0 leather armour
 46261 | Shoals:4 | Identified a +0 quarterstaff
 46261 | Shoals:4 | Identified a +0 sling
 46261 | Shoals:4 | Identified a +0 trident
 46266 | Shoals:4 | Identified a +0 quarterstaff
 46266 | Shoals:4 | Identified a +0 sling
 46267 | Shoals:4 | Identified a +0 spear of distortion
 46267 | Shoals:4 | Identified a +0 leather armour
 46268 | Shoals:4 | Identified a +4 quarterstaff
 46268 | Shoals:4 | Identified a +0 longbow
 46269 | Shoals:4 | Identified a +0 club
 46269 | Shoals:4 | Identified a +0 sling
 46273 | Shoals:4 | Reached skill level 9 in Dodging
 46273 | Shoals:4 | Identified a +2 vampiric demon trident
 46273 | Shoals:4 | Identified a +2 robe of the Archmagi
 46273 | Shoals:4 | Noticed Mara
 46282 | Shoals:4 | Identified a +2 spectral quarterstaff
 46282 | Shoals:4 | Identified a +0 sling
 46288 | Shoals:4 | Killed Mara
 46289 | Shoals:4 | Reached skill level 9 in Invocations
 46353 | Shoals:4 | Paralysed by an air elemental for 1 turns
 46371 | Shoals:4 | Identified a +0 spear
 46371 | Shoals:4 | Identified a +0 longbow
 46372 | Shoals:4 | Identified a +0 rapier
 46372 | Shoals:4 | Identified a +0 robe
 46378 | Shoals:4 | Identified a +1 heavy spear
 46380 | Shoals:4 | Identified a +3 vampiric demon trident
 46380 | Shoals:4 | Identified a +2 robe of willpower
 46382 | Shoals:4 | Reached skill level 10 in Shields
 46382 | Shoals:4 | Paralysed by an air elemental for 1 turns
 46390 | Shoals:4 | Identified a +2 hand axe of flaming
 46390 | Shoals:4 | Identified a +2 robe of cold resistance
 46404 | Shoals:4 | Identified a +0 trident
 46413 | Shoals:4 | Identified a +5 rapier of flaming
 46413 | Shoals:4 | Identified a +0 robe
 46417 | Shoals:4 | Reached skill level 19 in Spellcasting
 46477 | Shoals:4 | Identified the +5 sling "Wugevu" {flame, Fragile Will+
                  | Str+3 Int+2}
 46477 | Shoals:4 | Identified a +0 trident
 46477 | Shoals:4 | Identified a ring of ice
 46501 | Shoals:4 | Identified a +3 heavy spear
 46501 | Shoals:4 | Identified a +0 leather armour
 46540 | Shoals:4 | Paralysed by an air elemental for 1 turns
 46542 | Shoals:4 | Identified a +2 vampiric spear
 46542 | Shoals:4 | Identified a +0 leather armour
 46686 | Shoals:4 | Got a barnacled rune of Zot
 46689 | Shoals:4 | Identified a +0 robe
 46838 | Shoals:4 | Identified a +0 spear
 46905 | Shoals:4 | Identified a +0 trident
 46923 | Shoals:4 | Identified a +7 heavy spear
 46923 | Shoals:4 | Identified a +0 leather armour
 46928 | Shoals:4 | Identified a +0 rapier
 46928 | Shoals:4 | Identified a +0 robe
 46932 | Shoals:4 | Identified a +2 spear of venom
 46932 | Shoals:4 | Identified a +0 leather armour
 46933 | Shoals:4 | Identified a +1 vampiric trident
 46935 | Shoals:4 | Identified a +2 heavy trident
 46935 | Shoals:4 | Identified a +0 robe
 46938 | Shoals:4 | Identified a +0 trident
 46940 | Shoals:4 | Reached skill level 10 in Dodging
 46969 | Shoals:4 | Identified a scroll of torment
 47119 | D:12     | Identified a +0 robe
 47162 | Vaults:1 | Entered Level 1 of the Vaults
 47165 | Vaults:1 | Identified a +0 great sword
 47165 | Vaults:1 | Identified a +3 plate armour of positive energy
 47165 | Vaults:1 | Identified a +3 great mace
 47165 | Vaults:1 | Identified a +0 chain mail
 47166 | Vaults:1 | Identified a +0 great sword
 47166 | Vaults:1 | Identified a +0 chain mail
 47213 | Vaults:1 | Identified a +0 flail
 47213 | Vaults:1 | Identified a +0 leather armour
 47225 | Vaults:1 | Identified a +0 long sword
 47225 | Vaults:1 | Identified a +0 arbalest
 47225 | Vaults:1 | Identified a +0 ring mail
 47226 | Vaults:1 | Identified a +5 lajatang
 47226 | Vaults:1 | Identified a +0 leather armour
 47226 | Vaults:1 | Noticed Zenata
 47227 | Vaults:1 | Identified a +0 troll leather armour
 47228 | Vaults:1 | Reached skill level 10 in Invocations
 47228 | Vaults:1 | Identified a +0 troll leather armour
 47228 | Vaults:1 | Killed Zenata
 47326 | Vaults:1 | Identified the +3 rapier of Xuhey {heavy, rC++}
 47328 | Vaults:1 | Identified a +1 rapier of electrocution
 47328 | Vaults:1 | Identified a +0 cloak of stealth
 47328 | Vaults:1 | Identified a +0 pair of gloves
 47328 | Vaults:1 | Noticed Nikola
 47328 | Vaults:1 | Identified a +0 morningstar
 47328 | Vaults:1 | Identified a +0 ring mail
 47334 | Vaults:1 | Killed Nikola
 47343 | Vaults:1 | Identified a +0 scale mail
 47344 | Vaults:1 | Identified a +0 dire flail
 47344 | Vaults:1 | Identified a +0 ring mail
 47346 | Vaults:1 | Identified a +0 dire flail
 47346 | Vaults:1 | Identified a +0 scale mail
 47397 | Vaults:1 | Identified a +0 scale mail
 47401 | Vaults:1 | Identified a +0 dire flail
 47401 | Vaults:1 | Identified a +0 animal skin
 47403 | Vaults:1 | Identified a +1 dire flail of venom
 47403 | Vaults:1 | Identified a +0 ring mail
 47413 | Vaults:1 | Identified a +0 dire flail
 47413 | Vaults:1 | Identified a +0 ring mail
 47546 | Vaults:1 | Identified a +0 flail
 47546 | Vaults:1 | Identified a +0 ring mail
 47801 | Vaults:1 | Identified a +0 dire flail
 47801 | Vaults:1 | Identified a +0 animal skin
 47801 | Vaults:1 | Identified a +0 falchion
 47801 | Vaults:1 | Identified a +0 arbalest
 47801 | Vaults:1 | Identified a +0 scale mail
 47813 | Vaults:1 | Identified a +0 falchion
 47813 | Vaults:1 | Identified a +0 arbalest
 47813 | Vaults:1 | Identified a +0 scale mail
 47824 | Vaults:1 | Identified a +0 arbalest
 47830 | Vaults:1 | Identified a +0 great mace
 47830 | Vaults:1 | Identified a +0 ring mail
 47832 | Vaults:1 | Identified a +0 arbalest
 47836 | Vaults:1 | Identified a +0 flail
 47836 | Vaults:1 | Identified a +0 ring mail of poison resistance
 47851 | Vaults:1 | Identified a +0 great mace
 47851 | Vaults:1 | Identified a +0 chain mail
 47856 | Vaults:1 | Identified a +0 mace
 47856 | Vaults:1 | Identified a +0 ring mail
 47858 | Vaults:1 | Identified a +0 arbalest
 47860 | Vaults:1 | Identified a +2 great sword
 47860 | Vaults:1 | Identified a +0 chain mail
 47861 | Vaults:1 | Reached XP level 21. HP: 163/163 MP: 0/0
 47861 | Vaults:1 | Learned a level 8 spell: Lehudib's Crystal Spear
 48052 | Vaults:1 | Identified a +0 dire flail
 48052 | Vaults:1 | Identified a +0 leather armour
 48053 | Vaults:1 | Identified a +0 great mace
 48053 | Vaults:1 | Identified a +0 ring mail
 48054 | Vaults:1 | Identified a +0 troll leather armour
 48059 | Vaults:1 | Identified an amulet of reflection
 48063 | Vaults:1 | Identified a +0 troll leather armour
 48071 | Vaults:1 | Identified a +0 flail
 48071 | Vaults:1 | Identified a +0 ring mail
 48074 | Vaults:1 | Identified a +0 troll leather armour
 48075 | Vaults:1 | Identified a +0 troll leather armour
 48077 | Vaults:1 | Identified a +0 troll leather armour
 48150 | Vaults:1 | You are sucked into a shaft and drop 1 floor!
 48150 | Vaults:2 | Identified a +0 great mace
 48150 | Vaults:2 | Identified a +0 ring mail
 48150 | Vaults:2 | Identified a +0 dire flail
 48150 | Vaults:2 | Identified a +0 scale mail
 48151 | Vaults:2 | Identified a +0 troll leather armour
 48153 | Vaults:2 | Identified a +0 troll leather armour
 48155 | Vaults:2 | Identified a +0 troll leather armour
 48156 | Vaults:2 | Reached skill level 20 in Spellcasting
 48208 | Vaults:2 | Identified a +0 dire flail
 48208 | Vaults:2 | Identified a +0 animal skin
 48235 | Vaults:2 | Identified a +0 morningstar
 48235 | Vaults:2 | Identified a +0 ring mail
 48236 | Vaults:2 | Identified a +0 dire flail
 48236 | Vaults:2 | Identified a +0 animal skin
 48237 | Vaults:2 | Identified a +3 heavy halberd
 48237 | Vaults:2 | Identified a +0 chain mail
 48240 | Vaults:2 | Identified a +0 shortbow
 48240 | Vaults:2 | Noticed an entropy weaver
 48240 | Vaults:2 | Identified a +0 great mace
 48240 | Vaults:2 | Identified a +0 leather armour
 48250 | Vaults:2 | Killed an entropy weaver
 48252 | Vaults:2 | Identified a +0 shortbow
 48252 | Vaults:2 | Identified a +0 war axe
 48252 | Vaults:2 | Identified a +0 plate armour
 48252 | Vaults:2 | Identified a +0 arbalest
 48254 | Vaults:2 | Identified a +0 shortbow
 48257 | Vaults:2 | Identified a +0 shortbow
 48261 | Vaults:2 | Identified a +0 troll leather armour
 48277 | Vaults:2 | Identified a +0 longbow
 48280 | Vaults:2 | Identified a +0 shortbow
 48422 | Vaults:2 | Identified a +0 morningstar
 48422 | Vaults:2 | Identified a +0 ring mail
 48429 | Vaults:2 | Identified a +0 long sword
 48429 | Vaults:2 | Identified a +0 plate armour
 48430 | Vaults:2 | Identified a +0 troll leather armour
 48463 | Vaults:2 | Identified a +0 battleaxe of flaming
 48486 | Vaults:2 | Identified 3 scrolls of amnesia
 48499 | Vaults:2 | Identified a +0 arbalest
 48589 | Vaults:2 | Identified a +3 great mace
 48589 | Vaults:2 | Identified a +0 ring mail
 48592 | Vaults:2 | Reached skill level 11 in Invocations
 48594 | Vaults:2 | Identified a +0 troll leather armour
 48597 | Vaults:2 | Identified a +0 ring mail
 48628 | Vaults:2 | Identified a +0 troll leather armour
 48675 | Vaults:2 | Identified a +0 dire flail
 48675 | Vaults:2 | Identified a +0 leather armour
 48675 | Vaults:2 | Identified a +1 great mace of protection
 48675 | Vaults:2 | Identified a +0 scale mail
 48679 | Vaults:2 | Identified a +0 troll leather armour
 48716 | Vaults:2 | Identified a +0 morningstar
 48716 | Vaults:2 | Identified a +0 scale mail
 48727 | Vaults:2 | Identified a +0 arbalest
 48728 | Vaults:2 | Identified a +0 longbow
 48728 | Vaults:2 | Identified a +0 morningstar
 48728 | Vaults:2 | Identified a +0 scale mail
 48729 | Vaults:2 | Identified a +0 longbow
 48731 | Vaults:2 | Identified a +0 arbalest
 48732 | Vaults:2 | Identified a +0 longbow
 48733 | Vaults:2 | Identified a +0 arbalest
 48735 | Vaults:2 | Identified a +0 arbalest
 48736 | Vaults:2 | Identified a +0 arbalest
 48737 | Vaults:2 | Identified a +0 ring mail
 48740 | Vaults:2 | Identified a +0 war axe
 48740 | Vaults:2 | Identified a +0 chain mail
 48741 | Vaults:2 | Identified a +0 great mace
 48741 | Vaults:2 | Identified a +0 scale mail
 48742 | Vaults:2 | Identified a +0 arbalest
 48753 | Vaults:2 | Identified a +0 hand axe
 48753 | Vaults:2 | Identified a +0 arbalest
 48759 | Vaults:2 | Identified a +0 arbalest
 48831 | Vaults:2 | Identified a +0 troll leather armour
 48833 | Vaults:2 | Identified a +0 great mace
 48833 | Vaults:2 | Identified a +0 leather armour
 48841 | Vaults:2 | Identified a +0 arbalest
 48841 | Vaults:2 | Identified a +0 great mace
 48841 | Vaults:2 | Identified a +0 ring mail
 48844 | Vaults:2 | Identified a +0 troll leather armour
 48880 | Vaults:2 | Identified the +2 whip "Biwax" {holy, Fly}
 49167 | Vaults:2 | Identified a +0 troll leather armour
 49203 | Vaults:2 | Found Fais Vakoo's Magic Scroll Emporium.
 49210 | Vaults:2 | Bought a scroll of blinking for 165 gold pieces
 49210 | Vaults:2 | Bought a scroll of teleportation for 66 gold pieces
 49210 | Vaults:2 | Bought a scroll of magic mapping for 165 gold pieces
 49257 | Vaults:2 | Identified a +0 plate armour
 49293 | Vaults:2 | Identified a +0 broad axe
 49293 | Vaults:2 | Identified a +0 chain mail
 49297 | Vaults:2 | Identified a +0 battleaxe
 49297 | Vaults:2 | Identified a +0 plate armour
 49303 | Vaults:2 | Identified a +0 great mace
 49303 | Vaults:2 | Identified a +0 plate armour
 49303 | Vaults:2 | Identified a +0 long sword
 49303 | Vaults:2 | Identified a +0 scale mail
 50013 | Vaults:3 | Reached skill level 12 in Invocations
 50016 | Vaults:3 | Identified a +0 falchion
 50016 | Vaults:3 | Identified a +0 ring mail
 50048 | Vaults:3 | Identified a ring of resist corrosion
 50065 | Vaults:3 | Identified a +0 chain mail
 50072 | Vaults:3 | Identified a +0 ring mail
 50108 | Vaults:3 | Identified a +0 war axe
 50108 | Vaults:3 | Identified a +2 plate armour of cold resistance
 50108 | Vaults:3 | Identified a +2 tower shield
 50110 | Vaults:3 | Identified a +0 troll leather armour
 50110 | Vaults:3 | Identified a +0 long sword
 50110 | Vaults:3 | Identified a +0 chain mail
 50111 | Vaults:3 | Identified a +0 great mace
 50111 | Vaults:3 | Identified a +0 ring mail
 50112 | Vaults:3 | Identified a +0 battleaxe
 50112 | Vaults:3 | Identified a +0 chain mail
 50194 | Vaults:3 | Identified a +0 dagger
 50194 | Vaults:3 | Identified a +0 robe
 50210 | Vaults:3 | Identified a +0 morningstar
 50210 | Vaults:3 | Identified a +0 arbalest
 50210 | Vaults:3 | Identified a +0 scale mail
 50241 | Vaults:3 | Identified a +0 dire flail
 50241 | Vaults:3 | Identified a +0 animal skin
 50242 | Vaults:3 | Identified a +0 great sword
 50242 | Vaults:3 | Identified a +0 plate armour
 50243 | Vaults:3 | Identified a +2 great sword
 50243 | Vaults:3 | Identified a +0 plate armour
 50244 | Vaults:3 | Identified a +0 broad axe
 50244 | Vaults:3 | Identified a +0 chain mail
 50245 | Vaults:3 | Identified a +0 war axe
 50245 | Vaults:3 | Identified a +0 scale mail
 50267 | Vaults:3 | Reached XP level 22. HP: 169/169 MP: 0/0
 50270 | Vaults:3 | Identified a +0 war axe
 50270 | Vaults:3 | Identified a +0 plate armour
 50270 | Vaults:3 | Identified a +0 kite shield
 50272 | Vaults:3 | Identified a +0 arbalest
 50273 | Vaults:3 | Identified a +0 arbalest
 50273 | Vaults:3 | Identified a +0 arbalest
 50274 | Vaults:3 | Identified a +0 arbalest
 50275 | Vaults:3 | Identified a +0 arbalest
 50298 | Vaults:3 | Identified a +3 halberd
 50298 | Vaults:3 | Identified a +0 scale mail
 50485 | Vaults:3 | Identified a +1 halberd
 50485 | Vaults:3 | Identified a +0 chain mail
 50489 | Vaults:3 | Identified a +2 battleaxe
 50489 | Vaults:3 | Identified a +0 chain mail
 50540 | Vaults:3 | Found a staircase to the Crypt.
 50713 | Vaults:3 | Identified a +0 chain mail
 50872 | Vaults:3 | Identified a +0 arbalest
 50883 | Vaults:3 | Identified a +0 war axe
 50883 | Vaults:3 | Identified a +0 ring mail
 50912 | Vaults:3 | Reached skill level 13 in Invocations
 50952 | Vaults:3 | Identified a +0 pair of boots
 51411 | Depths:1 | Entered Level 1 of the Depths
 51430 | Depths:1 | Identified a +0 long sword
 51430 | Depths:1 | Identified a +0 robe
 51442 | Depths:1 | Identified a +1 battleaxe of freezing
 51452 | Depths:1 | Identified a +2 battleaxe of freezing
 51456 | Depths:1 | Identified a +0 troll leather armour
 51459 | Depths:1 | Noticed a lich
 51462 | Depths:1 | Killed a lich
 51465 | Depths:1 | Identified a +1 great sword of flaming
 51467 | Depths:1 | Identified +0 fire dragon scales
 51469 | Depths:1 | Reached skill level 21 in Spellcasting
 51478 | Depths:1 | Identified a +1 great sword of flaming
 51513 | Depths:1 | Noticed a juggernaut
 51517 | Depths:1 | Killed a juggernaut
 51520 | Depths:1 | Identified a +0 rapier
 51520 | Depths:1 | Identified a +0 animal skin
 51532 | Depths:1 | Identified a scarf of resistance
 51537 | Depths:1 | Identified a +0 war axe
 51537 | Depths:1 | Identified a +0 animal skin
 51540 | Depths:1 | Identified a +0 spear
 51544 | Depths:1 | Identified a +2 trident of venom
 51544 | Depths:1 | Identified a +0 robe
 51649 | Depths:1 | Found a gateway to Hell.
 51682 | Depths:1 | Found a magical portal.
 51688 | WizLab   | Entered The Hall of the Hellbinder
 51698 | WizLab   | Identified a +0 trident
 51706 | WizLab   | Identified a +0 trident
 51713 | WizLab   | Reached skill level 14 in Invocations
 51719 | WizLab   | Identified a +0 demon whip
 51719 | WizLab   | Identified a +0 chain mail
 51719 | WizLab   | Identified a +0 buckler
 51721 | WizLab   | Identified a +1 demon whip of electrocution
 52007 | WizLab   | Noticed Biobb
 52013 | WizLab   | Killed Biobb the Hellbinder
 52014 | WizLab   | Found a burning altar of Makhleb.
 52040 | WizLab   | Found the +1 cloak of Starlight {*Dazzle EV+4 Stlth--}
 52048 | WizLab   | Identified the +1 cloak of the Unseen Realm {rF- Will+
                  | Str+3}
 52084 | WizLab   | Identified the ring "Kidops" {Wiz rPois rF+ Str-3 SInv}
 52095 | WizLab   | Identified a +0 demon trident
 52234 | Depths:1 | Identified a +0 bardiche of venom
 52234 | Depths:1 | Identified a +0 scale mail
 52340 | Depths:1 | Identified a +0 spear
 52340 | Depths:1 | Identified a +0 leather armour
 52357 | Depths:1 | Found a one-way gateway to a ziggurat.
 52391 | Depths:1 | Identified a +0 robe
 52429 | Depths:1 | Identified a +1 pair of gloves of stealth
 52431 | Depths:1 | Identified a +1 spear of freezing
 52431 | Depths:1 | Identified a +0 leather armour
 52976 | Depths:2 | Identified a +0 whip
 52976 | Depths:2 | Identified a +0 robe
 52976 | Depths:2 | Identified a +0 dagger
 52976 | Depths:2 | Identified a +0 robe
 52978 | Depths:2 | Identified a +0 great mace
 52978 | Depths:2 | Identified a +0 great mace
 52981 | Depths:2 | Identified a +0 troll leather armour
 52982 | Depths:2 | Identified a +0 heavy flail
 52982 | Depths:2 | Identified a +0 robe
 52982 | Depths:2 | Identified a +0 buckler
 52983 | Depths:2 | Identified a +0 rapier of electrocution
 52983 | Depths:2 | Identified a +0 robe
 52984 | Depths:2 | Identified a +0 robe
 52986 | Depths:2 | Identified a +0 troll leather armour
 52986 | Depths:2 | Identified a +0 antimagic demon whip
 52986 | Depths:2 | Identified a +0 robe
 52986 | Depths:2 | Identified a +0 buckler
 52988 | Depths:2 | Identified a +0 dagger
 52988 | Depths:2 | Identified a +0 robe
 52989 | Depths:2 | Identified a +0 rapier
 52989 | Depths:2 | Identified a +0 robe
 52990 | Depths:2 | Identified a +4 lajatang of electrocution
 52990 | Depths:2 | Noticed the Enchantress
 52992 | Depths:2 | Identified a +4 rapier
 52992 | Depths:2 | Identified a +0 robe
 53184 | Depths:1 | Found a gateway to Hell.
 53351 | Depths:1 | Found a one-way gateway to a ziggurat.
 53866 | Depths:2 | Identified a +2 battleaxe of freezing
 53874 | Depths:2 | Reached XP level 23. HP: 175/175 MP: 0/0
 53874 | Depths:2 | Learned a level 7 spell: Orb of Destruction
 53876 | Depths:2 | Identified a +0 dire flail
 53876 | Depths:2 | Identified a +0 dire flail
 53880 | Depths:2 | Identified a +0 troll leather armour
 53882 | Depths:2 | Identified a +4 dire flail
 53882 | Depths:2 | Identified a +0 dire flail
 53883 | Depths:2 | Identified a +0 long sword
 53883 | Depths:2 | Identified a +2 scale mail of fire resistance
 53883 | Depths:2 | Identified a +2 buckler of cold resistance
 53884 | Depths:2 | Identified a +0 battleaxe of flaming
 53884 | Depths:2 | Identified a +0 ring mail
 53886 | Depths:2 | Identified a +0 troll leather armour
 53891 | Depths:2 | Identified a +0 dagger
 53891 | Depths:2 | Identified a +0 robe
 53901 | Depths:2 | Paralysed by a sphinx for 2 turns
 53903 | Depths:2 | Identified a +0 troll leather armour
 53905 | Depths:2 | Killed the Enchantress
 53905 | Depths:2 | Identified a +0 battleaxe of freezing
 53907 | Depths:2 | Identified a +1 rapier of flaming
 53907 | Depths:2 | Identified a +0 robe
 53907 | Depths:2 | Identified a +0 buckler
 53909 | Depths:1 | Gained mutation: Armour fits poorly on your strangely
                  | shaped body. [mutagenic glow]
 53969 | Depths:2 | Reached skill level 11 in Dodging
 53970 | Depths:2 | Noticed a caustic shrike
 53973 | Depths:2 | Noticed a caustic shrike
 53976 | Depths:2 | Noticed a caustic shrike
 53980 | Depths:1 | Killed a caustic shrike
 54114 | Depths:2 | Reached skill level 11 in Armour
 54117 | Depths:2 | Killed a caustic shrike
 54164 | Depths:2 | Identified a +0 dire flail of protection
 54164 | Depths:2 | Identified a +0 dire flail
 54180 | Depths:2 | Killed a caustic shrike
 54183 | Depths:2 | Identified a +0 troll leather armour
 54186 | Depths:2 | Found a hazy altar of Hepliaklqana.
 54299 | Depths:2 | Identified a +1 great sword of flaming
 54342 | Depths:2 | Noticed a golden dragon
 54349 | Depths:2 | Identified +0 ice dragon scales
 54367 | Depths:2 | Identified a +0 troll leather armour
 54370 | Depths:2 | Killed a golden dragon
 54383 | Depths:2 | Identified a +3 great mace of protection
 54386 | Depths:2 | Identified a +0 great sword of flaming
 54392 | Depths:2 | HP: 25/176 [fire giant/fireball (10)]
 54511 | Depths:2 | Identified the +9 quarterstaff of the Sheltering Firefly
                  | {flame, rF+}
 54511 | Depths:2 | Identified a +0 ring mail
 54528 | Depths:2 | Identified a +0 dire flail
 54528 | Depths:2 | Identified a +2 dire flail of protection
 54564 | Depths:2 | Paralysed by a sphinx for 5 turns
 54612 | Depths:2 | Identified a +0 troll leather armour
 54617 | Depths:2 | Identified a +0 dire flail
 54617 | Depths:2 | Identified a +0 dire flail
 54656 | Depths:2 | Identified a +2 scimitar of flaming
 54656 | Depths:2 | Identified a +0 robe
 54681 | Depths:2 | Identified a +2 mace of venom
 54681 | Depths:2 | Identified a +0 robe
 54690 | Depths:2 | Reached skill level 12 in Dodging
 54853 | Depths:2 | Identified a +0 glaive
 54854 | Depths:2 | Identified a +4 sling of draining
 54855 | Depths:2 | Identified a +2 great sword of flaming
 54856 | Depths:2 | Identified a +9 plate armour of ponderousness
 54936 | Depths:2 | Identified a +1 great sword of flaming
 55023 | Depths:2 | Identified a +0 giant club
 55042 | Depths:2 | Found a one-way gate leading to the halls of Pandemonium.
 55338 | Depths:2 | Identified a +4 mace of holy wrath
 55340 | Depths:2 | Identified a +2 great sword of flaming
 55503 | Depths:2 | Identified a +0 falchion
 55586 | Depths:3 | Identified a +0 dire flail
 55586 | Depths:3 | Identified a +0 great mace
 55586 | Depths:3 | Identified a +4 great sword of flaming
 55589 | Depths:3 | Noticed a golden dragon
 55592 | Depths:3 | Killed a golden dragon
 55592 | Depths:3 | Identified +0 gold dragon scales
 55593 | Depths:3 | Reached XP level 24. HP: 184/184 MP: 0/0
 55625 | Depths:3 | Identified a +1 flail of venom
 55625 | Depths:3 | Identified a +0 animal skin
 55626 | Depths:3 | Reached skill level 19 in Fighting
 55627 | Depths:3 | Identified a +1 great sword of flaming
 55629 | Depths:3 | Identified a +0 troll leather armour
 55630 | Depths:3 | Reached skill level 12 in Armour
 55644 | Depths:3 | Identified a +0 troll leather armour
 55764 | Depths:3 | Identified a +0 dire flail
 55764 | Depths:3 | Identified a +0 dire flail
 55902 | Depths:3 | Identified a +0 mace of protection
 55902 | Depths:3 | Identified a +0 robe
 55913 | Depths:3 | Identified a +0 dire flail
 55913 | Depths:3 | Identified a +0 plate armour
 55915 | Depths:3 | Identified a +0 spear
 55917 | Depths:3 | Identified a +1 antimagic war axe
 55917 | Depths:3 | Identified a +0 animal skin
 55919 | Depths:3 | Identified a +0 spear
 55919 | Depths:3 | Identified a +0 dire flail
 55919 | Depths:3 | Identified a +0 dire flail
 55933 | Depths:3 | Identified a +3 great mace of protection
 55933 | Depths:3 | Identified a +6 plate armour of ponderousness
 56050 | Depths:3 | Identified a +2 great sword of flaming
 56056 | Depths:3 | Identified a +0 troll leather armour
 56140 | Depths:3 | Identified a +1 great sword of flaming
 56232 | Depths:3 | Identified a +0 scale mail
 56234 | Depths:3 | Noticed a golden dragon
 56237 | Depths:3 | Identified a +2 flail of protection
 56237 | Depths:3 | Identified a +0 animal skin
 56238 | Depths:3 | Killed a golden dragon
 56238 | Depths:3 | Identified +0 gold dragon scales
 56238 | Depths:3 | Identified a +1 battleaxe of freezing
 56239 | Depths:3 | Reached skill level 22 in Spellcasting
 56343 | Depths:3 | Identified a +0 shortbow of flaming
 56442 | Depths:3 | Reached skill level 13 in Dodging
 56483 | Depths:3 | Identified a +0 scale mail
 56554 | Depths:3 | Identified a +3 war axe of flaming
 56554 | Depths:3 | Identified a +4 plate armour
 56554 | Depths:3 | Identified a +1 heavy war axe
 56554 | Depths:3 | Identified a +0 chain mail
 56554 | Depths:3 | Identified a +3 long sword
 56554 | Depths:3 | Identified a +0 plate armour
 56554 | Depths:3 | Identified a +0 long sword
 56554 | Depths:3 | Identified a +0 plate armour
 56554 | Depths:3 | Identified a +3 great mace of distortion
 56554 | Depths:3 | Identified a +1 plate armour of willpower
 56839 | Depths:4 | Entered Level 4 of the Depths
 56848 | Depths:4 | Identified a +1 battleaxe of freezing
 56855 | Depths:4 | Identified a +2 great sword of flaming
 56860 | Depths:4 | Identified a +0 robe of fire resistance
 56864 | Depths:4 | Identified a +4 scimitar of pain
 56864 | Depths:4 | Identified a +0 plate armour
 56868 | Depths:4 | Identified a +3 great sword of flaming
 56872 | Depths:4 | Identified a +1 great mace of draining
 56872 | Depths:4 | Identified a +0 chain mail
 56872 | Depths:4 | Identified a +1 battleaxe of freezing
 56873 | Depths:4 | Identified a +4 great mace of draining
 56873 | Depths:4 | Identified a +0 chain mail
 56873 | Depths:4 | Identified a +0 dire flail
 56873 | Depths:4 | Identified a +0 dire flail
 56875 | Depths:4 | Noticed a lich
 56876 | Depths:4 | Identified a +4 demon blade of draining
 56876 | Depths:4 | Identified a +0 chain mail
 56877 | Depths:4 | Identified a +5 great sword
 56877 | Depths:4 | Identified a +0 chain mail
 56879 | Depths:4 | Identified a +0 dagger
 56879 | Depths:4 | Identified a +0 robe
 56879 | Depths:4 | Identified a +1 scimitar
 56879 | Depths:4 | Identified a +0 chain mail
 56883 | Depths:4 | Reached skill level 13 in Armour
 56886 | Depths:4 | Killed a lich
 57028 | Depths:4 | Identified a +0 mace
 57040 | Depths:4 | Noticed a juggernaut
 57041 | Depths:4 | Identified a +1 great sword of flaming
 57045 | Depths:4 | Killed a juggernaut
 57049 | Depths:4 | Identified a +0 troll leather armour
 57054 | Depths:4 | Identified a +0 broad axe
 57054 | Depths:4 | Identified a +0 animal skin
 57054 | Depths:4 | Identified a +1 antimagic rapier
 57054 | Depths:4 | Identified a +0 animal skin
 57060 | Depths:4 | Identified a +0 flail
 57060 | Depths:4 | Noticed a lich
 57065 | Depths:4 | Killed a lich
 57065 | Depths:4 | an iron dragon changed into a caustic shrike
 57065 | Depths:4 | Noticed a caustic shrike (glowing shapeshifter)
 57066 | Depths:4 | Killed a caustic shrike
 57108 | Depths:4 | Identified a +0 halberd
 57114 | Depths:4 | Noticed a golden dragon
 57114 | Depths:4 | Identified a +1 dire flail of holy wrath
 57114 | Depths:4 | Identified a +2 dire flail of draining
 57115 | Depths:4 | Identified a +0 antimagic hand axe
 57115 | Depths:4 | Identified a +0 animal skin
 57120 | Depths:4 | Reached skill level 20 in Fighting
 57126 | Depths:4 | Killed a golden dragon
 57130 | Depths:4 | Identified a +0 dire flail
 57134 | Depths:4 | Identified a +0 cloak
 57137 | Depths:4 | Identified a +0 flail
 57142 | Depths:4 | Identified a +0 long sword
 57144 | Depths:4 | Identified a +3 war axe of flaming
 57144 | Depths:4 | Identified a +0 cloak
 57145 | Depths:4 | Reached XP level 25. HP: 193/193 MP: 0/0
 57145 | Depths:4 | Learned a level 9 spell: Chain Lightning
 57151 | Depths:4 | Identified a +0 short sword
 57151 | Depths:4 | Identified a +0 ring mail
 57161 | Depths:4 | Identified +0 gold dragon scales
 57204 | Depths:4 | Found a gate to the Realm of Zot.
 57390 | Depths:4 | Identified a +1 pair of gloves
 57483 | Depths:4 | Identified the +5 demon trident of Reuxail {flame, Fly rC+}
 57483 | Depths:4 | Identified a +0 plate armour
 57483 | Depths:4 | Identified a +3 scythe of venom
 57542 | Depths:4 | Identified the +7 great sword of the Revolution {freeze,
                  | rC+}
 57542 | Depths:4 | Identified a +0 chain mail
 57622 | Depths:4 | Identified a +4 broad axe of flaming
 57623 | Depths:4 | Identified a +0 demon trident of flaming
 57624 | Depths:4 | Identified a +2 demon trident of electrocution
 57983 | Elf:1    | Entered Level 1 of the Elven Halls
 57983 | Elf:1    | Identified a +0 short sword of draining
 57983 | Elf:1    | Identified a +0 scale mail of cold resistance
 57983 | Elf:1    | Identified a +0 long sword
 57983 | Elf:1    | Identified a +0 leather armour
 57983 | Elf:1    | Identified a +0 short sword
 57983 | Elf:1    | Identified a +0 dagger
 57983 | Elf:1    | Identified a +0 leather armour
 57983 | Elf:1    | Identified a +0 long sword
 57983 | Elf:1    | Identified a +0 shortbow
 57983 | Elf:1    | Identified a +0 dagger
 57983 | Elf:1    | Identified a +0 longbow
 57983 | Elf:1    | Identified a +0 leather armour
 57999 | Elf:1    | Identified a +0 short sword
 58002 | Elf:1    | Identified a +0 short sword
 58050 | Elf:1    | Identified a +0 short sword
 58050 | Elf:1    | Identified a +0 ring mail
 58127 | Elf:1    | Found Ugaelyrgh's Antique Armour Emporium.
 58130 | Elf:1    | Identified a +0 rapier of protection
 58191 | Elf:1    | Identified the ring "Ninlog" {rF+ rC+ Str+6 Stlth-}
 58217 | Elf:1    | Identified a +0 long sword
 58226 | Elf:1    | Identified a +0 long sword
 58226 | Elf:1    | Identified a +0 shortbow
 58227 | Elf:1    | Identified a +0 dagger
 58229 | Elf:1    | Identified a +0 short sword
 58229 | Elf:1    | Identified a +0 shortbow
 58229 | Elf:1    | Identified a +0 leather armour
 58231 | Elf:1    | Identified a +2 heavy long sword
 58338 | Elf:1    | Identified a +1 hand axe of draining
 58405 | Elf:1    | Identified a +0 long sword
 58405 | Elf:1    | Identified a +0 scale mail
 58504 | Elf:1    | Identified a +0 quarterstaff
 58529 | Elf:1    | Identified a +0 short sword
 58529 | Elf:1    | Identified a +0 leather armour
 58531 | Elf:1    | Identified a +0 short sword
 58532 | Elf:1    | Identified a +0 long sword
 58532 | Elf:1    | Identified a +0 dagger
 58533 | Elf:1    | Identified a +0 rapier
 58533 | Elf:1    | Identified a +0 chain mail
 58543 | Elf:1    | Identified a +0 short sword
 58543 | Elf:1    | Identified a +0 robe
 58549 | Elf:1    | Identified a +0 rapier
 58563 | Elf:1    | Identified a +3 short sword
 58564 | Elf:1    | Identified a +0 flail
 58642 | Elf:1    | Identified a +4 plate armour of cold resistance
 58720 | Elf:2    | Identified a +2 heavy scimitar
 58720 | Elf:2    | Identified a +0 short sword
 58720 | Elf:2    | Identified a +0 shortbow of electrocution
 58720 | Elf:2    | Identified a +0 leather armour
 58722 | Elf:2    | Identified a +4 dire flail of protection
 58724 | Elf:2    | Identified a +0 long sword
 58724 | Elf:2    | Identified a +0 long sword
 58724 | Elf:2    | Identified a +0 leather armour
 58727 | Elf:2    | Identified a +0 rapier
 58728 | Elf:2    | Identified a +0 short sword
 58728 | Elf:2    | Identified a +0 buckler
 58734 | Elf:2    | Reached skill level 23 in Spellcasting
 58734 | Elf:2    | Identified a +0 short sword
 58735 | Elf:2    | Identified a +0 rapier
 58735 | Elf:2    | Identified a +0 long sword
 58822 | Elf:2    | Identified a +1 rapier of flaming
 58822 | Elf:2    | Identified a +0 ring mail
 58826 | Elf:2    | Identified a +0 rapier
 58826 | Elf:2    | Identified a +0 ring mail
 58827 | Elf:2    | Identified a +0 short sword
 58827 | Elf:2    | Identified a +0 shortbow
 58827 | Elf:2    | Identified a +0 leather armour
 58836 | Elf:2    | Identified a +0 dagger
 58836 | Elf:2    | Identified a +0 longbow
 58836 | Elf:2    | Identified a +0 leather armour
 58871 | Elf:2    | Identified a +2 longbow of flaming
 58873 | Elf:2    | Identified a +1 dagger of speed
 58873 | Elf:2    | Identified a +0 shortbow
 58873 | Elf:2    | Identified a +0 leather armour
 58879 | Elf:2    | Identified a +0 rapier
 58880 | Elf:2    | Identified a +0 long sword
 58881 | Elf:2    | Identified a +0 dagger
 58881 | Elf:2    | Identified a +0 longbow
 58881 | Elf:2    | Identified a +0 leather armour
 58884 | Elf:2    | Identified a +0 great sword
 58887 | Elf:2    | Identified a +0 long sword
 58889 | Elf:2    | Identified a +0 long sword
 58889 | Elf:2    | Identified a +0 leather armour
 58890 | Elf:2    | Identified a +0 short sword
 59009 | Elf:2    | Identified a +0 dagger
 59041 | Elf:2    | Found Sorexuyz's Armour Emporium.
 59127 | Elf:2    | Identified a +0 dagger
 59127 | Elf:2    | Identified a +0 leather armour
 59171 | Elf:2    | Identified a +0 dagger
 59171 | Elf:2    | Identified a +0 ring mail
 59175 | Elf:2    | Identified a +0 short sword
 59200 | Elf:2    | Identified a +0 falchion
 59201 | Elf:2    | Identified a +6 dagger
 59201 | Elf:2    | Identified a +0 falchion
 59202 | Elf:2    | Identified a +0 falchion
 59231 | Elf:2    | Identified a +5 dagger
 59241 | Elf:2    | Identified a +0 long sword
 59246 | Elf:2    | Identified a +0 short sword
 59248 | Elf:2    | Identified a +0 long sword
 59248 | Elf:2    | Identified a +2 short sword of speed
 59248 | Elf:2    | Identified a +0 long sword
 59249 | Elf:2    | Identified a +0 short sword
 59250 | Elf:2    | Identified a +0 short sword
 59250 | Elf:2    | Identified a +0 leather armour
 59310 | Elf:2    | Found a runed translucent gate.
 59311 | Elf:2    | Found a runed translucent gate.
 59311 | Elf:2    | Found a runed translucent gate.
 59351 | Elf:2    | Identified a +3 dagger
 59351 | Elf:2    | Identified a +0 shortbow
 59351 | Elf:2    | Identified a +0 leather armour
 59463 | Elf:2    | Identified a +1 heavy mace
 59492 | Elf:3    | Entered Level 3 of the Elven Halls
 59492 | Elf:3    | Identified a +0 halberd of venom
 59492 | Elf:3    | Identified a +0 scimitar
 59492 | Elf:3    | Identified a +0 chain mail
 59492 | Elf:3    | Identified a +0 buckler
 59492 | Elf:3    | Identified a +0 scimitar
 59492 | Elf:3    | Identified a +0 buckler
 59492 | Elf:3    | Identified a +0 dagger
 59492 | Elf:3    | Identified a +0 shortbow
 59492 | Elf:3    | Identified a +0 leather armour
 59493 | Elf:3    | Identified a +0 dagger
 59493 | Elf:3    | Identified a +0 shortbow
 59493 | Elf:3    | Identified a +0 leather armour
 59499 | Elf:3    | Identified a +0 dagger
 59502 | Elf:3    | Identified a +0 scimitar
 59502 | Elf:3    | Identified a +0 ring mail
 59504 | Elf:3    | Identified a +2 heavy hand axe
 59505 | Elf:3    | Identified a +0 battleaxe
 59505 | Elf:3    | Identified a +0 chain mail
 59507 | Elf:3    | Identified a +0 halberd
 59507 | Elf:3    | Identified a +0 chain mail
 59508 | Elf:3    | Identified a +1 flail of holy wrath
 59508 | Elf:3    | Identified a +0 long sword
 59508 | Elf:3    | Identified a +0 flail of draining
 59509 | Elf:3    | Identified a +0 trident
 59509 | Elf:3    | Identified a +0 chain mail
 59538 | Elf:3    | Identified a +0 long sword
 59538 | Elf:3    | Identified a +0 plate armour
 59695 | Elf:3    | Identified a +0 short sword
 59695 | Elf:3    | Identified a +0 ring mail
 59695 | Elf:3    | Identified a +2 hand axe of freezing
 59695 | Elf:3    | Identified a +0 leather armour
 59695 | Elf:3    | Identified a +0 hand axe
 59695 | Elf:3    | Identified a +0 chain mail
 59699 | Elf:3    | Identified a +0 trident
 59699 | Elf:3    | Identified a +0 arbalest
 59699 | Elf:3    | Identified a +0 plate armour
 59701 | Elf:3    | Identified a +0 flail
 59701 | Elf:3    | Identified a +0 chain mail
 59701 | Elf:3    | Identified a +0 scimitar of electrocution
 59701 | Elf:3    | Identified a +0 plate armour
 59723 | Elf:3    | Identified a +1 short sword of draining
 59725 | Elf:3    | Identified a +0 rapier
 59725 | Elf:3    | Identified a +0 rapier
 59725 | Elf:3    | Identified a +0 leather armour
 59728 | Elf:3    | Identified a +0 long sword
 59733 | Elf:3    | Identified a +0 short sword
 59733 | Elf:3    | Identified a +0 scale mail
 59735 | Elf:3    | Identified a +1 long sword of electrocution
 59735 | Elf:3    | Noticed a deep elf sorcerer
 59736 | Elf:3    | Killed a deep elf sorcerer
 59736 | Elf:3    | Identified a +0 long sword
 59737 | Elf:3    | Identified a +0 long sword
 59740 | Elf:3    | Identified a +0 long sword
 59740 | Elf:3    | Identified a +0 ring mail
 59743 | Elf:3    | Identified a +0 longbow
 59743 | Elf:3    | Identified a +0 ring mail
 59748 | Elf:3    | Identified a +0 rapier
 59752 | Elf:3    | Identified a +0 dagger
 59752 | Elf:3    | Identified a +0 scale mail
 59753 | Elf:3    | Identified a +0 short sword
 59753 | Elf:3    | Identified a +1 heavy shortbow
 59753 | Elf:3    | Identified a +0 leather armour
 59755 | Elf:3    | Identified a +0 short sword
 59756 | Elf:3    | Identified a +0 dagger
 59756 | Elf:3    | Identified a +0 shortbow
 59756 | Elf:3    | Identified a +0 leather armour
 59759 | Elf:3    | Identified a +1 long sword of protection
 59759 | Elf:3    | Noticed a deep elf sorcerer
 59760 | Elf:3    | Killed a deep elf sorcerer
 59760 | Elf:3    | Identified a +0 dagger
 59760 | Elf:3    | Identified a +0 leather armour
 59763 | Elf:3    | Identified a +0 rapier
 59768 | Elf:3    | Identified a +0 longbow
 59768 | Elf:3    | Identified a +0 leather armour
 59798 | Elf:3    | Paralysed by an air elemental for 1 turns
 59800 | Elf:3    | Identified a +0 glaive
 59800 | Elf:3    | Identified the +0 steam dragon scales "Catacsug" {Rampage
                  | rC- Regen+ Slay-4}
 59800 | Elf:3    | Identified the ring "Saerutysm" {Fly Slay+3}
 59802 | Elf:3    | Identified a +0 long sword
 59802 | Elf:3    | Identified a +0 leather armour of fire resistance
 59811 | Elf:3    | Identified a +2 dagger of holy wrath
 59814 | Elf:3    | Identified a +0 rapier of venom
 59814 | Elf:3    | Identified a +0 rapier of venom
 59814 | Elf:3    | Identified the +0 ring mail of the Northern Lights {rF++
                  | rC+ Will+}
 59814 | Elf:3    | Identified the +1 quarterstaff of the Feather {heavy, rN+}
 59814 | Elf:3    | Identified a +0 chain mail
 59814 | Elf:3    | Noticed a deep elf demonologist
 59815 | Elf:3    | Killed a deep elf demonologist
 59815 | Elf:3    | Identified a +1 long sword of holy wrath
 59817 | Elf:3    | Identified a +0 dagger
 59817 | Elf:3    | Identified a +0 shortbow
 59817 | Elf:3    | Identified a +0 leather armour
 59819 | Elf:3    | Identified a +0 rapier
 59819 | Elf:3    | Identified a +0 leather armour
 59819 | Elf:3    | Identified the ring "Ypoaf" {MP+9 Int+3 Dex+3}
 59820 | Elf:3    | Identified a +0 morningstar
 59820 | Elf:3    | Noticed a deep elf demonologist
 59821 | Elf:3    | Identified a +0 short sword
 59821 | Elf:3    | Noticed a deep elf demonologist
 59823 | Elf:3    | Identified a +3 rapier of venom
 59823 | Elf:3    | Identified a +0 ring mail
 59823 | Elf:3    | Noticed a deep elf demonologist
 59827 | Elf:3    | Identified a +0 short sword
 59827 | Elf:3    | Killed a deep elf demonologist
 59831 | Elf:3    | Killed a deep elf demonologist
 59834 | Elf:3    | Killed a deep elf demonologist
 59835 | Elf:3    | Identified a +0 long sword
 59835 | Elf:3    | Identified a +0 battleaxe
 59835 | Elf:3    | Identified a +0 shortbow
 59835 | Elf:3    | Identified a +0 leather armour
 59836 | Elf:3    | Identified a +0 short sword
 59838 | Elf:3    | Identified a +0 dagger
 59838 | Elf:3    | Noticed a deep elf demonologist
 59839 | Elf:3    | Killed a deep elf demonologist
 59851 | Elf:3    | Identified a +0 scimitar
 59852 | Elf:3    | Identified a +0 longbow of freezing
 59852 | Elf:3    | Identified a +0 leather armour
 59856 | Elf:3    | Identified a +0 dagger
 59856 | Elf:3    | Noticed a deep elf demonologist
 59860 | Elf:3    | Killed a deep elf demonologist
 59860 | Elf:3    | Identified a +0 long sword
 59861 | Elf:3    | Identified a +2 heavy flail
 59861 | Elf:3    | Noticed a deep elf sorcerer
 59862 | Elf:3    | Killed a deep elf sorcerer
 59862 | Elf:3    | Identified a +1 dagger of venom
 59865 | Elf:3    | Identified a +0 short sword
 59865 | Elf:3    | Identified a +0 ring mail
 59882 | Elf:3    | Identified a +0 rapier
 59992 | Elf:3    | Identified a +3 ring mail of poison resistance
 59995 | Elf:3    | Identified a +0 falchion
 59998 | Elf:3    | Identified a +0 long sword
 59999 | Elf:3    | Identified the staff of conjuration "Fowuqi" {Dex+5}
 60048 | Elf:3    | Found the amulet of Vitality {RegenMP++ Regen++}
 60057 | Elf:3    | Identified a +0 chain mail
 60058 | Elf:3    | Identified a +1 mace of holy wrath
 60059 | Elf:3    | Identified the ring of the Aged Blessings {rCorr Dex+4}
 60072 | Elf:3    | Identified the ring of Ashenzari's Favour {rPois rN+ MP+9}
 60078 | Elf:3    | Identified the staff of death "Goludiup" {rElec rN+ Will++
                  | Str+3 Dex-2}
 60085 | Elf:3    | Identified a +1 heavy glaive
 60086 | Elf:3    | Identified the staff of earth "Sethril" {Will- Int+5}
 60102 | Elf:3    | Identified the +3 arbalest of the Candelabrum {antimagic,
                  | rPois rF+ Dex-4}
 60106 | Elf:3    | Identified a +3 chain mail of positive energy
 60136 | Elf:3    | Found the +8 lance "Wyrmbane" {slay drac, rPois rF+ rC+
                  | AC+3}
 60152 | Elf:3    | Identified a +2 vampiric dagger
 60159 | Elf:3    | Identified the +7 arbalest of Exquisite Torment {flame,
                  | *Slow rF+ rC+}
 60215 | Elf:3    | Identified a +0 short sword
 60215 | Elf:3    | Identified a +0 longbow
 60215 | Elf:3    | Identified a +0 leather armour
 60241 | Elf:3    | Identified a +0 dagger
 60241 | Elf:3    | Identified a +0 shortbow
 60241 | Elf:3    | Identified a +0 leather armour
 60245 | Elf:3    | Reached skill level 24 in Spellcasting
 60593 | Elf:3    | Identified a +0 hand axe
 60953 | D:5      | Identified the +2 arbalest "Hamoneso" {heavy, Drain Fly
                  | rPois}
 61153 | Slime:1  | Entered Level 1 of the Pits of Slime
 61172 | Slime:1  | Reached XP level 26. HP: 200/200 MP: 0/0
 61219 | Slime:1  | You are sucked into a shaft and drop 1 floor!
 61253 | Slime:2  | Found a viscous altar of Jiyva.
 62748 | Slime:5  | Entered Level 5 of the Pits of Slime
 62781 | Slime:5  | Paralysed by a great orb of eyes for 2 turns
 62788 | Slime:5  | Noticed the Royal Jelly
 62794 | Slime:5  | Killed the Royal Jelly
 62842 | Slime:5  | Identified a potion of cancellation
 62845 | Slime:5  | Identified a +0 cloak of willpower
 62846 | Slime:5  | Identified the +8 war axe "Leiwol" {antimagic, Fly}
 62848 | Slime:5  | Identified a +1 vampiric great sword
 62851 | Slime:5  | Identified a +3 hand axe of venom
 62854 | Slime:5  | Identified an amulet of faith
 62864 | Slime:5  | Identified a +0 short sword
 62865 | Slime:5  | Identified the staff of cold "Areyt" {rPois rC+ Str-4 Dex+3
                  | Stlth+}
 62899 | Slime:5  | Identified a +0 heavy mace
 62901 | Slime:5  | Got a slimy rune of Zot
 62907 | Slime:5  | Identified a +0 halberd
 62914 | Slime:5  | Identified the +9 plate armour "Nosch" {MP+9 SInv}
 62922 | Slime:5  | Identified +2 storm dragon scales
 62923 | Slime:5  | Identified a +1 war axe of flaming
 62930 | Slime:5  | Identified a +2 dagger of venom
 62931 | Slime:5  | Identified a +3 leather armour of poison resistance
 62934 | Slime:5  | Identified the +2 robe of the Barber Surgeon {Harm rF-
                  | Dex+2}
 63414 | Slime:4  | Reached skill level 25 in Spellcasting
 64018 | Vaults:4 | Identified a +2 battleaxe of pain
 64018 | Vaults:4 | Identified a +0 chain mail
 64018 | Vaults:4 | Identified a +0 arbalest
 64018 | Vaults:4 | Identified a +0 dire flail
 64018 | Vaults:4 | Identified a +0 animal skin
 64018 | Vaults:4 | Identified a +0 long sword
 64018 | Vaults:4 | Identified a +0 chain mail
 64018 | Vaults:4 | Identified a +3 morningstar
 64018 | Vaults:4 | Identified a +2 ring mail of positive energy
 64018 | Vaults:4 | Identified a +0 great mace
 64018 | Vaults:4 | Identified a +0 scale mail
 64018 | Vaults:4 | Identified a +2 great mace
 64018 | Vaults:4 | Identified a +0 chain mail
 64020 | Vaults:4 | Identified a +0 arbalest
 64020 | Vaults:4 | Identified a +0 arbalest
 64047 | Vaults:4 | Identified a +0 falchion
 64047 | Vaults:4 | Identified a +0 scale mail
 64070 | Vaults:4 | Found Deblu's Antique Weapon Boutique.
 64119 | Vaults:4 | Bought a fine dagger for 252 gold pieces
 64119 | Vaults:4 | Identified the +7 dagger of Invincibility {freeze, rN+}
                  | (You bought it in a shop on level 4 of the Vaults)
 64158 | Vaults:4 | Identified a +0 morningstar
 64158 | Vaults:4 | Identified a +0 ring mail
 64216 | Vaults:4 | Identified a +0 dagger
 64216 | Vaults:4 | Identified a +0 robe
 64228 | Vaults:4 | Identified a +0 troll leather armour
 64228 | Vaults:4 | Identified a +0 troll leather armour
 64229 | Vaults:4 | Identified a +0 flail
 64229 | Vaults:4 | Identified a +0 leather armour
 64294 | Vaults:4 | Identified a +2 arbalest of flaming
 64336 | Vaults:4 | Identified a +0 arbalest
 64339 | Vaults:4 | Identified a +0 mace
 64339 | Vaults:4 | Identified a +0 scale mail
 64346 | Vaults:4 | Identified a +0 heavy great mace
 64346 | Vaults:4 | Identified a +0 leather armour
 64349 | Vaults:4 | Identified a +0 troll leather armour
 64354 | Vaults:4 | Identified a +0 troll leather armour
 64356 | Vaults:4 | Noticed an entropy weaver
 64357 | Vaults:4 | Identified a +0 great mace
 64357 | Vaults:4 | Identified a +0 animal skin
 64357 | Vaults:4 | Identified a +1 scale mail of cold resistance
 64359 | Vaults:4 | Identified a +0 dagger
 64359 | Vaults:4 | Identified a +0 robe
 64386 | Vaults:4 | Identified a +0 dire flail
 64389 | Vaults:4 | Identified a +0 long sword
 64389 | Vaults:4 | Identified a +0 ring mail
 64389 | Vaults:4 | Identified a +0 buckler
 64519 | Vaults:4 | Identified a +0 long sword of holy wrath
 64519 | Vaults:4 | Identified a +0 chain mail
 64519 | Vaults:4 | Identified a +0 kite shield of reflection
 64519 | Vaults:4 | Noticed Donald
 64520 | Vaults:4 | Killed Donald
 64527 | Vaults:4 | Identified a +0 arbalest
 64530 | Vaults:4 | Killed an entropy weaver
 64539 | Vaults:4 | Identified a +0 dire flail
 64539 | Vaults:4 | Identified a +0 animal skin
 64552 | Vaults:4 | Identified a +0 great mace
 64606 | Vaults:4 | Identified a +0 dagger
 64606 | Vaults:4 | Identified a +0 robe
 64686 | Vaults:4 | Found a runed translucent door.
 64687 | Vaults:4 | Noticed Konionua's ghost (adept KoEn)
 64733 | Vaults:4 | Identified a +0 war axe
 64733 | Vaults:4 | Identified a +0 plate armour
 64733 | Vaults:4 | Identified a +0 arbalest
 64733 | Vaults:4 | Identified a +0 arbalest
 64733 | Vaults:4 | Identified a +0 arbalest
 64758 | Vaults:4 | Identified a +4 long sword of holy wrath
 64758 | Vaults:4 | Identified a +2 scale mail of poison resistance
 64758 | Vaults:4 | Identified a +0 buckler
 64764 | Vaults:4 | Reached XP level 27. HP: 197/205 MP: 0/0
 64764 | Vaults:4 | Learned a level 9 spell: Polar Vortex
 64883 | Vaults:4 | Found Uczoatad's Antique Armour Shoppe.
 64929 | Vaults:4 | Identified a +0 dagger
 64929 | Vaults:4 | Identified a +0 robe
 64941 | Vaults:4 | Identified a +0 dire flail
 64941 | Vaults:4 | Identified a +0 animal skin
 64968 | Vaults:4 | Identified a +1 dire flail of protection
 65048 | Vaults:4 | Identified a +0 great sword
 65048 | Vaults:4 | Identified a +0 plate armour
 65054 | Vaults:4 | Identified a +2 war axe
 65054 | Vaults:4 | Identified a +0 plate armour
 65054 | Vaults:4 | Identified a +0 great mace
 65054 | Vaults:4 | Identified a +0 ring mail
 65054 | Vaults:4 | Identified a +0 dire flail
 65054 | Vaults:4 | Identified a +0 plate armour
 65095 | Vaults:4 | Identified a +1 dagger of protection
 65095 | Vaults:4 | Identified a +0 robe
 65168 | Vaults:4 | Identified a +0 dagger
 65168 | Vaults:4 | Identified a +0 robe
 65240 | Vaults:4 | Identified a +0 dire flail
 65240 | Vaults:4 | Identified a +0 animal skin
 65240 | Vaults:4 | Identified a +0 broad axe
 65240 | Vaults:4 | Identified a +0 plate armour
 65241 | Vaults:4 | Identified a +1 dire flail
 65241 | Vaults:4 | Identified a +0 plate armour
 65257 | Vaults:4 | Noticed an ancient lich
 65259 | Vaults:4 | Killed an ancient lich
 65310 | Vaults:4 | Identified a +0 hand axe
 65618 | Vaults:4 | Killed Konionua's ghost
 65683 | Vaults:5 | Entered Level 5 of the Vaults
 65683 | Vaults:5 | Identified a +0 war axe
 65683 | Vaults:5 | Identified a +0 plate armour
 65683 | Vaults:5 | Identified a +0 tower shield
 65683 | Vaults:5 | Identified a +3 battleaxe
 65683 | Vaults:5 | Identified a +0 plate armour
 65683 | Vaults:5 | Identified a +1 great sword
 65683 | Vaults:5 | Identified a +0 chain mail
 65683 | Vaults:5 | Identified a +0 war axe
 65683 | Vaults:5 | Identified a +0 chain mail
 65683 | Vaults:5 | Identified a +0 broad axe
 65683 | Vaults:5 | Identified a +0 plate armour
 65683 | Vaults:5 | Identified a +0 kite shield
 65683 | Vaults:5 | Identified a +0 great mace
 65683 | Vaults:5 | Identified a +0 chain mail
 65683 | Vaults:5 | Identified a +0 long sword
 65683 | Vaults:5 | Identified a +0 plate armour
 65683 | Vaults:5 | Identified a +0 kite shield
 65683 | Vaults:5 | Identified a +0 broad axe
 65683 | Vaults:5 | Identified a +0 plate armour
 65683 | Vaults:5 | Identified a +0 great sword
 65683 | Vaults:5 | Identified a +0 plate armour
 65683 | Vaults:5 | Identified a +3 battleaxe
 65683 | Vaults:5 | Identified a +0 chain mail
 65683 | Vaults:5 | Identified a +0 great sword
 65683 | Vaults:5 | Identified a +0 plate armour
 65683 | Vaults:5 | Identified a +3 battleaxe
 65683 | Vaults:5 | Identified a +0 plate armour
 65683 | Vaults:5 | Identified a +0 great sword of freezing
 65683 | Vaults:5 | Identified a +0 plate armour
 65683 | Vaults:5 | Identified a +0 great mace
 65683 | Vaults:5 | Identified a +1 chain mail of poison resistance
 65683 | Vaults:5 | Identified a +1 great sword of protection
 65683 | Vaults:5 | Identified a +0 chain mail
 65683 | Vaults:5 | Identified a +0 great sword of draining
 65683 | Vaults:5 | Identified a +0 chain mail
 65683 | Vaults:5 | Identified a +2 long sword
 65683 | Vaults:5 | Identified a +0 chain mail
 65683 | Vaults:5 | Identified a +0 great sword of holy wrath
 65683 | Vaults:5 | Identified a +0 chain mail
 65683 | Vaults:5 | Identified a +0 battleaxe
 65683 | Vaults:5 | Identified a +0 plate armour
 65683 | Vaults:5 | Identified a +0 long sword
 65683 | Vaults:5 | Identified a +2 chain mail of cold resistance
 65683 | Vaults:5 | Identified a +0 kite shield
 65683 | Vaults:5 | Identified a +0 long sword
 65683 | Vaults:5 | Identified a +0 plate armour
 65683 | Vaults:5 | Identified a +1 great sword of holy wrath
 65683 | Vaults:5 | Identified a +0 plate armour
 65683 | Vaults:5 | Identified a +0 war axe
 65683 | Vaults:5 | Identified a +0 plate armour
 65683 | Vaults:5 | Identified a +0 great mace
 65683 | Vaults:5 | Identified a +0 chain mail
 65686 | Vaults:5 | Reached skill level 26 in Spellcasting
 65688 | Vaults:5 | Identified a +2 battleaxe of freezing
 65690 | Vaults:5 | Identified a +0 dire flail
 65690 | Vaults:5 | Identified a +0 dire flail
 65690 | Vaults:5 | Identified a +1 dire flail of protection
 65690 | Vaults:5 | Identified a +0 dire flail
 65690 | Vaults:5 | Identified a +0 dire flail
 65693 | Vaults:5 | Identified a +0 dire flail
 65693 | Vaults:5 | Identified a +0 scale mail
 65693 | Vaults:5 | Identified a +0 morningstar
 65693 | Vaults:5 | Identified a +0 arbalest
 65693 | Vaults:5 | Identified a +3 scale mail
 65700 | Vaults:5 | Identified +0 storm dragon scales
 65700 | Vaults:5 | Identified a +0 broad axe
 65700 | Vaults:5 | Identified a +0 ring mail
 65700 | Vaults:5 | Identified a +0 buckler
 65704 | Vaults:5 | Identified a +0 arbalest
 65704 | Vaults:5 | Identified a +0 hand crossbow
 65708 | Vaults:5 | Identified a +0 dagger
 65708 | Vaults:5 | Identified a +0 leather armour
 65708 | Vaults:5 | Noticed a deep elf sorcerer
 65709 | Vaults:5 | Killed a deep elf sorcerer
 65711 | Vaults:5 | Identified a +0 flail
 65711 | Vaults:5 | Identified a +0 ring mail
 65712 | Vaults:5 | Identified a +0 arbalest
 65712 | Vaults:5 | Identified a +1 flail of draining
 65712 | Vaults:5 | Identified a +0 leather armour
 65714 | Vaults:5 | Identified a +0 long sword
 65714 | Vaults:5 | Identified a +0 scale mail
 65718 | Vaults:5 | Identified a +0 great sword
 65718 | Vaults:5 | Identified a +0 chain mail
 65720 | Vaults:5 | Identified a +0 great mace
 65720 | Vaults:5 | Identified a +0 chain mail
 65723 | Vaults:5 | Identified a +0 flail
 65723 | Vaults:5 | Identified a +0 ring mail
 65723 | Vaults:5 | Identified a +0 great mace
 65723 | Vaults:5 | Identified a +0 scale mail
 65724 | Vaults:5 | Identified a +0 great mace
 65724 | Vaults:5 | Identified a +0 scale mail
 65724 | Vaults:5 | Identified a +0 great mace
 65724 | Vaults:5 | Identified a +0 leather armour
 65726 | Vaults:5 | Identified a +0 arbalest
 65735 | Vaults:5 | Identified a +0 dagger
 65735 | Vaults:5 | Identified a +0 robe
 65735 | Vaults:5 | Identified a +0 halberd of flaming
 65735 | Vaults:5 | Identified a +0 arbalest
 65735 | Vaults:5 | Identified a +0 chain mail
 65736 | Vaults:5 | Identified a +0 dire flail
 65736 | Vaults:5 | Identified a +0 ring mail
 65736 | Vaults:5 | Identified a +0 scale mail
 65738 | Vaults:5 | Identified a +4 great mace of flaming
 65738 | Vaults:5 | Identified a +0 plate armour
 65739 | Vaults:5 | Identified a +0 morningstar
 65739 | Vaults:5 | Identified a +0 ring mail
 65741 | Vaults:5 | Identified a +1 halberd
 65741 | Vaults:5 | Identified a +0 plate armour
 65741 | Vaults:5 | Identified a +0 war axe
 65741 | Vaults:5 | Identified a +0 chain mail
 65742 | Vaults:5 | Identified a +0 great sword
 65742 | Vaults:5 | Identified a +0 chain mail
 65749 | Vaults:5 | Identified a +1 demon blade of pain
 65749 | Vaults:5 | Identified a +0 plate armour
 65750 | Vaults:5 | Identified a +5 heavy demon whip
 65750 | Vaults:5 | Identified a +0 chain mail
 65751 | Vaults:5 | Identified a +0 scimitar of flaming
 65751 | Vaults:5 | Identified a +0 chain mail
 65755 | Vaults:5 | Identified a +0 rapier
 65776 | Vaults:5 | Identified a +0 great mace
 65776 | Vaults:5 | Identified a +0 ring mail
 65793 | Vaults:5 | Identified a +2 battleaxe of flaming
 65793 | Vaults:5 | Identified a +0 chain mail
 65794 | Vaults:5 | Identified a +0 dire flail
 65794 | Vaults:5 | Identified a +0 dire flail
 65840 | Vaults:5 | Identified a +0 flail
 65840 | Vaults:5 | Identified a +0 leather armour
 65843 | Vaults:5 | Noticed an ancient lich
 65845 | Vaults:5 | Killed an ancient lich
 65846 | Vaults:5 | Identified +0 shadow dragon scales
 65931 | Vaults:5 | Identified a +0 sling
 65952 | Vaults:5 | Identified a +0 dire flail
 65952 | Vaults:5 | Identified a +0 dire flail
 66026 | Vaults:5 | Identified a +1 great sword
 66026 | Vaults:5 | Identified a +0 chain mail
 66048 | Vaults:5 | Identified a +0 mace
 66048 | Vaults:5 | Identified a +0 ring mail
 66058 | Vaults:5 | Identified a +0 long sword
 66088 | Vaults:5 | Identified a +0 longbow
 66098 | Vaults:5 | Identified a +2 dire flail
 66098 | Vaults:5 | Identified a +0 plate armour
 66164 | Vaults:5 | Identified a +0 scimitar of flaming
 66164 | Vaults:5 | Identified a +0 plate armour
 66192 | Vaults:5 | Identified a +0 great mace
 66192 | Vaults:5 | Identified a +0 scale mail
 66195 | Vaults:5 | Identified a +2 heavy shortbow
 66195 | Vaults:5 | Identified a +0 war axe
 66195 | Vaults:5 | Identified a +0 ring mail
 66207 | Vaults:5 | Identified a +0 long sword
 66207 | Vaults:5 | Identified a +0 ring mail
 66232 | Vaults:5 | Identified a +0 morningstar
 66232 | Vaults:5 | Identified a +0 ring mail
 66246 | Vaults:5 | Identified a +2 antimagic longbow
 66246 | Vaults:5 | Identified a +0 arbalest
 66249 | Vaults:5 | Reached skill level 27 in Spellcasting
 66376 | Vaults:5 | Identified a +0 sling of freezing
 66413 | Vaults:5 | Identified a +1 robe of cold resistance
 66424 | Vaults:5 | Identified a +1 sling of freezing
 66431 | Vaults:5 | Identified the ring of the Blind Eye {rElec rF+ Str+6}
 66436 | Vaults:5 | Identified a +0 arbalest
 66466 | Vaults:5 | Identified the +9 dire flail "Paw Egex" {freeze, Str+2}
 66478 | Vaults:5 | Identified a ring of protection from cold
 66520 | Vaults:5 | Identified a +2 halberd of distortion
 66542 | Vaults:5 | Identified a +5 scimitar of electrocution
 66542 | Vaults:5 | Identified a +0 arbalest
 66542 | Vaults:5 | Identified the ring "Xiojo" {rF+++ AC+4 Str-2 SInv}
 66590 | Vaults:5 | Identified a +0 arbalest
 66631 | Vaults:5 | Identified a +1 great sword of flaming
 66683 | Vaults:5 | Identified a +0 long sword
 66683 | Vaults:5 | Identified a +0 leather armour
 66683 | Vaults:5 | Identified the ring "Duimopn" {rPois Dex+3}
 66683 | Vaults:5 | Identified a +1 antimagic battleaxe
 66683 | Vaults:5 | Identified a +3 plate armour
 66683 | Vaults:5 | Identified a +0 long sword
 66683 | Vaults:5 | Identified a +0 scale mail
 66687 | Vaults:5 | Identified a +0 flail
 66687 | Vaults:5 | Identified a +0 robe
 66726 | Vaults:5 | Identified the staff of death "Jaell" {rElec rN+ Will-
                  | rCorr Dex+2}
 66726 | Vaults:5 | Identified a +0 arbalest
 66727 | Vaults:5 | Identified a +1 falchion of protection
 66727 | Vaults:5 | Identified a +0 ring mail
 66727 | Vaults:5 | Identified the +4 long sword of Deformation {freeze, rPois
                  | rN+ Dex-5}
 66727 | Vaults:5 | Identified a +0 scale mail
 66727 | Vaults:5 | Identified a +0 mace
 66727 | Vaults:5 | Identified the +2 robe of Soft Rains {Str+4}
 66727 | Vaults:5 | Identified a +0 bardiche
 66727 | Vaults:5 | Identified a +0 plate armour
 66727 | Vaults:5 | Identified a +0 dire flail
 66727 | Vaults:5 | Identified a +1 scale mail of willpower
 66727 | Vaults:5 | Identified a ring of see invisible
 66727 | Vaults:5 | Identified a +4 dire flail
 66727 | Vaults:5 | Identified a +2 robe of willpower
 66727 | Vaults:5 | Identified a +2 falchion of draining
 66727 | Vaults:5 | Identified a +0 ring mail
 66727 | Vaults:5 | Identified a +0 robe
 66728 | Vaults:5 | Identified +0 shadow dragon scales
 66729 | Vaults:5 | Identified a +1 great sword of flaming
 66729 | Vaults:5 | Identified a +0 troll leather armour
 66731 | Vaults:5 | Identified a +0 troll leather armour
 66787 | Vaults:5 | Identified a +0 ring mail of fire resistance
 66791 | Vaults:5 | Got a silver rune of Zot
 66797 | Vaults:5 | Identified a +0 dagger
 66799 | Vaults:5 | Identified a +0 scale mail of willpower
 66802 | Vaults:5 | Noticed a lich
 66804 | Vaults:5 | Killed a lich
 67021 | Vaults:5 | Found Lyilic's Distillery.
 67028 | Vaults:5 | Identified a +0 cloak of stealth
 67032 | Vaults:5 | Bought a potion of heal wounds for 110 gold pieces
 67032 | Vaults:5 | Bought a potion of curing for 66 gold pieces
 67032 | Vaults:5 | Bought a potion of mutation for 176 gold pieces
 67032 | Vaults:5 | Bought a potion of might for 88 gold pieces
 67206 | Vaults:5 | Identified a +0 falchion
 67765 | Zot:1    | Entered Level 1 of the Realm of Zot
 67772 | Zot:1    | Identified a +0 trident
 67829 | Zot:1    | Identified a +0 battleaxe
 67829 | Zot:1    | Identified a +0 cloak
 67829 | Zot:1    | Identified a +0 whip of freezing
 67829 | Zot:1    | Identified a +1 cloak
 67829 | Zot:1    | Identified a +0 halberd
 67830 | Zot:1    | Identified a +3 short sword of venom
 67830 | Zot:1    | Identified a +0 cloak
 67830 | Zot:1    | Identified a +0 long sword
 67831 | Zot:1    | Reached skill level 21 in Fighting
 67831 | Zot:1    | Identified a +1 short sword of speed
 67833 | Zot:1    | Identified a +2 cloak
 67834 | Zot:1    | Identified a +0 flail
 67847 | Zot:1    | Identified quicksilver dragon scales
 67861 | Zot:1    | Identified +0 gold dragon scales
 67869 | Zot:1    | Identified a +0 hand axe
 67900 | Zot:1    | Identified a +0 halberd
 67900 | Zot:1    | Identified a +0 cloak
 67900 | Zot:1    | Identified a +0 glaive
 67901 | Zot:1    | Identified a +0 halberd
 67902 | Zot:1    | Identified a +0 long sword
 67905 | Zot:1    | Identified a +0 trident
 67910 | Zot:1    | Identified a +0 long sword
 67910 | Zot:1    | Identified a +0 cloak
 67910 | Zot:1    | Identified a +0 mace
 67911 | Zot:1    | Identified a +0 dagger
 67911 | Zot:1    | Identified a +0 cloak
 67913 | Zot:1    | Identified a +0 long sword
 67913 | Zot:1    | Identified a +0 cloak
 67917 | Zot:1    | Identified a +0 trident
 67920 | Zot:1    | Found a runed translucent door.
 67921 | Zot:1    | Found a shimmering altar of Xom.
 67921 | Zot:1    | Identified a +5 broad axe of chaos
 67923 | Zot:1    | Noticed themarg's ghost (master MfSu)
 68012 | Zot:1    | Identified a +0 chain mail
 68085 | Zot:1    | Identified +0 ice dragon scales
 68086 | Zot:1    | Identified a +2 cloak
 68086 | Zot:1    | Identified a +0 halberd
 68086 | Zot:1    | Identified a +0 battleaxe
 68086 | Zot:1    | Identified a +0 cloak of preservation
 68087 | Zot:1    | Identified a +2 long sword of distortion
 68087 | Zot:1    | Identified a +2 cloak
 68088 | Zot:1    | Identified a +0 long sword
 68088 | Zot:1    | Identified a +2 cloak
 68088 | Zot:1    | Identified a +0 hand axe
 68089 | Zot:1    | Reached skill level 22 in Fighting
 68089 | Zot:1    | Identified a +2 antimagic short sword
 68089 | Zot:1    | Identified a +0 cloak
 68150 | Zot:1    | Identified +0 gold dragon scales
 68151 | Zot:1    | Identified a +0 long sword
 68153 | Zot:1    | Identified a +0 scimitar
 68154 | Zot:1    | Identified +0 shadow dragon scales
 68154 | Zot:1    | Identified a +0 dagger
 68154 | Zot:1    | Identified a +0 cloak
 68158 | Zot:1    | Identified a +0 battleaxe
 68195 | Zot:1    | Identified +0 gold dragon scales
 68215 | Zot:1    | Identified the +11 shortbow "Faukiaq" {freeze, rN+ SInv}
 68217 | Zot:1    | Identified a +4 chain mail of fire resistance
 68218 | Zot:1    | Identified a +2 great sword of holy wrath
 68219 | Zot:1    | Identified a +0 sling
 68220 | Zot:1    | Identified a +3 ring mail of fire resistance
 68260 | Zot:1    | Identified the +4 morningstar "Gywn" {antimagic, *Rage rC-
                  | Str+9 Dex+4}
 68283 | Zot:1    | Identified a +0 plate armour of fire resistance
 68675 | Zot:1    | Identified a +0 chain mail
 68716 | Zot:1    | Identified a +0 ring mail
 68825 | Zot:1    | Identified a +0 chain mail
 68939 | Zot:2    | Identified +0 shadow dragon scales
 68950 | Zot:2    | Identified a +0 dire flail
 68951 | Zot:2    | Identified a +0 halberd
 68959 | Zot:2    | Identified a +0 long sword
 68964 | Zot:2    | Identified +0 gold dragon scales
 69024 | Zot:2    | Identified a +0 scale mail
 69077 | Zot:2    | Noticed SirDiesAlot's ghost (veteran DEIE)
 69079 | Zot:2    | Found a runed translucent gate.
 69079 | Zot:2    | Found a runed translucent gate.
 69079 | Zot:2    | Found a runed translucent gate.
 69080 | Zot:2    | Identified a +1 cloak of willpower
 69128 | Zot:2    | Reached skill level 23 in Fighting
 69209 | Zot:2    | Identified a +2 sling of flaming
 69454 | Zot:2    | Identified a +0 plate armour
 69511 | Zot:3    | Identified a +0 scimitar
 69523 | Zot:3    | Identified a +0 trident
 69530 | Zot:3    | Identified a +0 long sword
 69530 | Zot:3    | Identified a +0 short sword
 69533 | Zot:3    | Identified a +0 short sword
 69535 | Zot:3    | Identified a +0 heavy trident
 69535 | Zot:3    | Identified a +0 short sword
 69537 | Zot:3    | Identified a +0 dire flail
 69538 | Zot:3    | Identified a +0 cloak
 69538 | Zot:3    | Identified a +0 war axe
 69539 | Zot:3    | Identified a +0 battleaxe
 69545 | Zot:3    | Identified a +0 trident
 69545 | Zot:3    | Identified a +2 heavy war axe
 69545 | Zot:3    | Identified a +0 cloak
 69547 | Zot:3    | Identified a +0 mace
 69547 | Zot:3    | Identified a +0 whip
 69547 | Zot:3    | Identified a +0 cloak
 69548 | Zot:3    | Identified a +0 short sword
 69548 | Zot:3    | Identified a +0 cloak
 69549 | Zot:3    | Identified a +0 scimitar
 69550 | Zot:3    | Identified a +0 war axe
 69553 | Zot:3    | Identified a +0 great mace
 69553 | Zot:3    | Identified a +1 cloak
 69555 | Zot:3    | Identified a +0 whip
 69555 | Zot:3    | Identified a +0 cloak
 69556 | Zot:3    | Identified a +0 halberd
 69557 | Zot:3    | Identified a +0 long sword
 69597 | Zot:3    | Noticed a curse toe
 69598 | Zot:3    | Killed a curse toe
 69791 | Zot:3    | Identified a +0 trident
 69796 | Zot:3    | Identified a +0 trident
 69796 | Zot:3    | Identified a +0 cloak
 69797 | Zot:3    | Identified a +0 cloak
 69797 | Zot:3    | Identified a +0 dire flail
 69800 | Zot:3    | Reached skill level 24 in Fighting
 69819 | Zot:3    | Identified a +0 long sword
 69819 | Zot:3    | Identified a +0 cloak
 69820 | Zot:3    | Identified a +0 glaive
 69821 | Zot:3    | Identified a +0 hand axe of venom
 69822 | Zot:3    | Identified a +0 dagger
 69822 | Zot:3    | Identified a +0 cloak
 69825 | Zot:3    | Identified a +0 trident
 69830 | Zot:3    | Identified a +0 cloak
 69853 | Zot:3    | Identified a +0 short sword of venom
 69877 | Zot:3    | Identified a +0 flail
 69877 | Zot:3    | Identified a +0 hand axe
 69878 | Zot:3    | Identified a +0 hand axe
 69878 | Zot:3    | Identified a +0 short sword
 69936 | Zot:3    | Identified +0 gold dragon scales
 70218 | Zot:3    | Identified a +0 spear
 70307 | Zot:4    | Noticed an orb of fire
 70310 | Zot:4    | Gained mutation: You sometimes lose your temper in combat.
                  | [an orb of fire]
 70312 | Zot:4    | Killed an orb of fire
 70313 | Zot:4    | Lost mutation: You are dopey. (Int -2) [potion of mutation]
 70313 | Zot:4    | Lost mutation: You sometimes lose your temper in combat.
                  | [potion of mutation]
 70313 | Zot:4    | Lost mutation: Armour fits poorly on your strangely shaped
                  | body. [potion of mutation]
 70313 | Zot:4    | Gained mutation: You are partially covered in iridescent
                  | scales. (AC +2) [potion of mutation]
 70313 | Zot:4    | Gained mutation: You expend health (3 HP) to strengthen
                  | your wands. [potion of mutation]
 70328 | Zot:4    | Identified a +10 club of holy wrath
 70328 | Zot:4    | Noticed a Killer Klown
 70330 | Zot:4    | Killed a Killer Klown
 70340 | Zot:4    | Identified +0 shadow dragon scales
 70376 | Zot:4    | Identified a +2 pair of gloves
 70389 | Zot:4    | Identified a +0 club
 70422 | Zot:4    | Identified a +0 halberd
 70451 | Zot:4    | Identified a +0 long sword
 70451 | Zot:4    | Identified a +0 rapier
 70451 | Zot:4    | Identified a +0 cloak
 70451 | Zot:4    | Identified a +0 flail
 70453 | Zot:4    | Identified a +0 short sword
 70453 | Zot:4    | Identified a +0 cloak
 70454 | Zot:4    | Identified a +0 long sword
 70455 | Zot:4    | Identified a +0 glaive of flaming
 70457 | Zot:4    | Identified +0 shadow dragon scales
 70488 | Zot:4    | Identified +0 storm dragon scales
 70505 | Zot:4    | Identified a +0 dagger
 70505 | Zot:4    | Identified a +2 cloak
 70509 | Zot:4    | Identified a +3 glaive
 70512 | Zot:4    | Identified a +0 dagger
 70512 | Zot:4    | Identified a +0 cloak
 70515 | Zot:4    | Reached skill level 25 in Fighting
 70516 | Zot:4    | Identified a +0 glaive
 70623 | Zot:4    | Noticed a curse toe
 70625 | Zot:4    | Killed a curse toe
 70671 | Zot:4    | Identified a +0 halberd
 71028 | Zot:5    | Entered Level 5 of the Realm of Zot
 71028 | Zot:5    | Identified a +0 halberd
 71031 | Zot:5    | Identified a +0 dire flail
 71031 | Zot:5    | Identified a +0 hand axe
 71032 | Zot:5    | Identified a +1 rapier of electrocution
 71032 | Zot:5    | Identified a +0 cloak
 71045 | Zot:5    | Noticed a dread lich
 71047 | Zot:5    | Killed a dread lich
 71049 | Zot:5    | Identified a +0 long sword
 71049 | Zot:5    | Identified a +2 cloak
 71051 | Zot:5    | Identified a +0 dire flail
 71054 | Zot:5    | Noticed an orb of fire
 71054 | Zot:5    | Identified a +0 trident
 71057 | Zot:5    | Noticed an orb of fire
 71058 | Zot:5    | Killed an orb of fire
 71058 | Zot:5    | Noticed an orb of fire
 71059 | Zot:5    | Noticed a dread lich
 71062 | Zot:5    | Killed an orb of fire
 71062 | Zot:5    | Identified a +12 club of venom
 71062 | Zot:5    | Noticed a Killer Klown
 71062 | Zot:5    | Paralysed by a dread lich for 2 turns
 71064 | Zot:5    | Killed an orb of fire
 71065 | Zot:5    | Reached skill level 14 in Dodging
 71065 | Zot:5    | Killed a dread lich
 71066 | Zot:5    | Reached skill level 14 in Armour
 71067 | Zot:5    | Identified a +9 club of electrocution
 71067 | Zot:5    | Noticed a Killer Klown
 71116 | Zot:5    | Noticed a curse toe
 71175 | Zot:5    | Killed a curse toe
 71175 | Zot:5    | HP: 47/221 [arc of chain lightning (16)]
 71322 | Zot:5    | Identified a +0 mace
 71589 | Zot:5    | Noticed a curse toe
 71590 | Zot:5    | Identified a +0 flail
 71595 | Zot:5    | Killed a curse toe
 71600 | Zot:5    | Killed a Killer Klown
 71639 | Zot:5    | Identified a +0 hand axe
 71698 | Zot:5    | Identified a +10 club of venom
 71698 | Zot:5    | Noticed a Killer Klown
 71701 | Zot:5    | Killed a Killer Klown
 71786 | Zot:5    | Identified a +0 short sword
 71786 | Zot:5    | Identified a +0 cloak
 71827 | Zot:5    | Noticed an ancient lich
 71829 | Zot:5    | Killed an ancient lich
 71830 | Zot:5    | Reached skill level 15 in Dodging
 71982 | Zot:5    | Identified a +0 dire flail
 72005 | Zot:5    | Reached skill level 15 in Armour
 72006 | Zot:5    | Killed a Killer Klown
 72081 | Zot:5    | Reached skill level 26 in Fighting
 72473 | Zot:5    | Identified a +0 shortbow
 73010 | Zot:5    | Got the Orb of Zot
 73019 | Zot:5    | Noticed Curur the pandemonium lord
 73023 | Zot:5    | Killed Curur the pandemonium lord
 73100 | Zot:3    | Identified a +0 dagger
 73100 | Zot:3    | Identified a +0 robe
 73196 | Depths:3 | Noticed Gyvviciqek the pandemonium lord
 73196 | Depths:3 | Noticed a lich
 73196 | Depths:3 | Killed a lich
 73198 | Depths:3 | Killed Gyvviciqek the pandemonium lord
 73200 | Depths:3 | Noticed a lich
 73201 | Depths:3 | Identified a +2 eudemon blade of holy wrath
 73201 | Depths:3 | Identified the +1 tower shield of the Tick {-Tele rF+
                  | Dex+6}
 73222 | Depths:2 | Identified the +5 long sword of the Smoking Seer {venom,
                  | rF+ rC+ Stlth+}
 73222 | Depths:2 | Identified a +0 robe
 73226 | Depths:2 | Noticed Rymm the pandemonium lord
 73274 | Depths:2 | Noticed a Tzitzimitl
 73364 | D:15     | Identified a +3 scimitar of flaming
 73437 | D:11     | Identified a +0 demon whip of electrocution
 73518 | D:6      | Noticed a Tzitzimitl
 73589 | D:$      | Escaped with the Orb!

Table legend: (Time is in decaauts)
 A = Elapsed time spent in this place.
 B = Non-inter-level travel time spent in this place.
 C = Inter-level travel time spent in this place.
 D = Time resting spent in this place.
 E = Time spent auto-exploring this place.
 F = Levels seen in this place.
 G = Mean time per level.
                   A        B        C        D        E       F      G
               +--------+--------+--------+--------+--------+-----+--------+
         Total |  73852 |  67662 |   6190 |   5008 |  51540 |  56 | 1318.8 |
       Dungeon |  24295 |  21801 |   2494 |   2197 |  16080 |  15 | 1619.7 |
        Temple |     65 |     65 |      0 |     28 |      7 |   1 |   65.0 |
          Lair |  11822 |  11083 |    739 |    574 |   8710 |   5 | 2364.4 |
        Shoals |   4188 |   3999 |    189 |    275 |   2855 |   4 | 1047.0 |
     Snake Pit |   4743 |   4414 |    329 |    321 |   3291 |   4 | 1185.8 |
    Slime Pits |   2517 |   2238 |    279 |      4 |   1983 |   5 |  503.4 |
  Orcish Mines |   2055 |   1746 |    309 |     25 |   1298 |   2 | 1027.5 |
   Elven Halls |   2744 |   2613 |    131 |    148 |   2070 |   3 |  914.7 |
        Vaults |   7837 |   6996 |    841 |    235 |   5964 |   5 | 1567.4 |
        Depths |   6163 |   5531 |    632 |    473 |   4071 |   4 | 1540.8 |
           Zot |   5396 |   5154 |    242 |    480 |   4082 |   5 | 1079.2 |
      Ice Cave |    912 |    912 |      0 |    177 |    458 |   1 |  912.0 |
       Volcano |    606 |    606 |      0 |      0 |    421 |   1 |  606.0 |
        Wizlab |    503 |    503 |      0 |     71 |    250 |   1 |  503.0 |
               +--------+--------+--------+--------+--------+-----+--------+

Top non-repeatable levels by time:
    D:10: 3450 daAuts
  Lair:5: 3291 daAuts
  Lair:3: 3239 daAuts
     D:7: 2619 daAuts
  Lair:4: 2207 daAuts
Depths:1: 2199 daAuts
     D:9: 2188 daAuts
   Zot:5: 1923 daAuts
 Snake:4: 1787 daAuts
    D:11: 1754 daAuts
     D:6: 1684 daAuts
Vaults:4: 1678 daAuts
Vaults:2: 1671 daAuts
Vaults:5: 1642 daAuts
  Lair:2: 1637 daAuts

Table legend:
 A = Kills in this place as a percentage of kills in the entire game.
 B = Kills by you in this place as a percentage of kills by you in the entire game.
 C = Kills by friends in this place as a percentage of kills by friends in the entire game.
 D = Other kills in this place as a percentage of other kills in the entire game.
 E = Experience gained in this place as a percentage of experience gained in the entire game.
 F = Experience gained in this place divided by the number of levels of this place that you have seen.
                   A       B       C       D       E      F
               +-------+-------+-------+-------+-------+----------------------
         Total | 100.0 | 100.0 | 100.0 | 100.0 | 100.0 | 27451.8
       Dungeon |  17.7 |  17.0 |  39.5 |   0.0 |   5.4 | 5484.3
          Lair |   7.8 |   7.3 |  21.1 |  50.0 |   3.7 | 11426.6
        Shoals |   8.2 |   7.9 |  17.1 |   0.0 |   6.7 | 25618.0
     Snake Pit |   6.6 |   6.5 |   9.2 |  50.0 |   6.0 | 23219.8
    Slime Pits |   5.5 |   5.7 |   0.0 |   0.0 |   5.3 | 16391.6
  Orcish Mines |   4.6 |   4.5 |   9.2 |   0.0 |   1.3 | 9980.0
   Elven Halls |   5.6 |   5.8 |   0.0 |   0.0 |   6.3 | 32401.0
        Vaults |  17.3 |  17.9 |   0.0 |   0.0 |  22.4 | 68858.6
        Depths |  13.2 |  13.6 |   0.0 |   0.0 |  19.0 | 73188.0
           Zot |   9.4 |   9.7 |   0.0 |   0.0 |  21.0 | 64694.4
      Ice Cave |   2.1 |   2.1 |   0.0 |   0.0 |   1.1 | 16211.0
       Volcano |   0.7 |   0.6 |   2.6 |   0.0 |   0.3 | 4735.0
        Wizlab |   1.3 |   1.3 |   1.3 |   0.0 |   1.4 | 21967.0
               +-------+-------+-------+-------+-------+----------------------

Skill      XL: |  1  2  3  4  5  6  7  8  9 10 11 12 13 14 15 16 17 18 19 20 21 22 23 24 25 26 27 |
---------------+----------------------------------------------------------------------------------+-----
Spellcasting   | 4 5 6 7 8 9 11 12 13 14 15 17 18 19 20 21 22 24 25 27 | 27.0
Shields        | 3 5 6 8 9 10 | 10.0
Fighting       | 3 6 11 12 13 14 16 17 18 20 26 | 26.3
Armour         | 3 7 9 10 11 13 15 | 15.0
Invocations    | 4 8 10 12 14 | 14.4
Dodging        | 5 8 10 12 13 15 | 15.0
Stealth        | |  1.5

Action                     |  1- 3 |  4- 6 |  7- 9 | 10-12 | 13-15 | 16-18 | 19-21 | 22-24 | 25-27 || total
---------------------------+-------+-------+-------+-------+-------+-------+-------+-------+-------++-------
  Melee: Unarmed           |    30 |     7 |       |       |       |       |       |       |       ||    37
         Staff             |       |    61 |   168 |   148 |       |     2 |       |       |       ||   379
         Punch             |       |       |     1 |       |       |       |       |       |       ||     1
         Demon trident     |       |       |       |    45 |   322 |     3 |       |       |       ||   370
         Long sword        |       |       |       |       |       |    25 |    15 |       |       ||    40
         Short sword       |       |       |       |       |       |    29 |    10 |       |       ||    39
         Bo                |       |       |       |       |       |       |       |       |     1 ||     1
  Throw: Throwing net      |       |       |     2 |     1 |       |       |       |       |       ||     3
         Boomerang         |       |       |       |     1 |       |       |       |       |       ||     1
         Dart              |       |       |       |       |     4 |       |       |       |       ||     4
         Stone             |       |       |       |       |     1 |       |       |       |       ||     1
   Cast: Freeze            |    31 |     6 |    11 |       |     9 |       |     5 |       |       ||    62
         Frozen Ramparts   |     9 |    22 |    39 |    46 |   130 |    67 |    38 |     7 |     3 ||   361
         Ozocubu's Armour  |       |     2 |    21 |    38 |    77 |    45 |    26 |     1 |     1 ||   211
         Summon Ice Beast  |       |     1 |    14 |    46 |    35 |    11 |     1 |       |       ||   108
         Passwall          |       |       |     3 |     2 |     2 |     1 |     1 |     2 |     1 ||    12
         Hailstorm         |       |       |       |    50 |    54 |    35 |    35 |       |       ||   174
         Teleport Other    |       |       |       |     1 |       |       |       |     1 |       ||     2
         Kiss of Death     |       |       |       |     3 |       |       |       |       |       ||     3
         Cause Fear        |       |       |       |     2 |     5 |     3 |     4 |       |     1 ||    15
         Irradiate         |       |       |       |       |    16 |    43 |    27 |    26 |    14 ||   126
         Plasma Beam       |       |       |       |       |    51 |   364 |   410 |   394 |   281 ||  1500
         Malign Gateway    |       |       |       |       |       |     7 |    14 |     1 |       ||    22
         Starburst         |       |       |       |       |       |       |    11 |     9 |       ||    20
         Lehudib's Crystal |       |       |       |       |       |       |     2 |     6 |     6 ||    14
         Orb of Destructio |       |       |       |       |       |       |       |    65 |    10 ||    75
         Chain Lightning   |       |       |       |       |       |       |       |       |   569 ||   569
         Polar Vortex      |       |       |       |       |       |       |       |       |    16 ||    16
  Evoke: Wand              |       |       |       |       |    11 |     1 |       |       |     3 ||    15
    Use: Scroll            |       |       |     9 |     8 |     9 |     5 |     3 |     2 |    14 ||    50
         Potion            |       |       |       |     8 |       |     1 |       |     1 |     8 ||    18
   Stab: Distracted        |       |       |     3 |     2 |       |       |       |       |       ||     5
         Held in net/web   |       |       |     1 |       |       |       |       |       |       ||     1
         Paralysed         |       |       |     8 |       |       |       |       |       |       ||     8
 Armour: Robe              |    17 |    67 |    40 |    35 |       |       |       |       |       ||   159
         Swamp dragon scal |       |       |       |    32 |    35 |       |       |       |       ||    67
         Ring mail         |       |       |       |       |   248 |   142 |       |       |       ||   390
         Ice dragon scales |       |       |       |       |       |     4 |   147 |    27 |    15 ||   193
         Acid dragon scale |       |       |       |       |       |       |       |       |     6 ||     6
  Dodge: Dodged            |    59 |   136 |    89 |   131 |   201 |    89 |    86 |    35 |    39 ||   865
  Block: Buckler           |       |       |    35 |   120 |   265 |   149 |   129 |    40 |    41 ||   779
         Reflection        |       |       |       |    11 |     7 |    42 |    39 |     4 |    17 ||   120

Vanquished Creatures
  the Royal Jelly (Slime:5)
  4 orbs of fire
  2 dread liches (Zot:5)
  3 ancient liches
  Mara (Shoals:4)
  2 juggernauts
  4 Killer Klowns
  3 caustic shrikes
  4 curse toes
  A caustic shrike (shapeshifter) (Depths:4)
  16 golden dragons
  the Enchantress (Depths:2)
  Nikola (Vaults:1)
  2 electric golems (Zot:5)
  2 pandemonium lords
  20 tentacled monstrosities
  A walking earthen tome (Depths:2)
  Zenata (Vaults:1)
  A walking crystal tome (Depths:2)
  A walking frostbound tome (Depths:4)
  26 Orb Guardians
  A walking divine tome (Depths:4)
  5 liches
  11 titans
  2 deep elf blademasters (Elf:3)
  4 quicksilver dragons
  2 deep elf master archers (Elf:3)
  17 acid blobs
  The ghost of Konionua the Bewitcher, an adept KoEn of Dithmenos (Vaults:4)
  A kraken (Shoals:2)
  3 death cobs
  7 sphinxes
  Donald (Vaults:4)
  7 draconian monks
  14 shadow dragons
  Kirke (Shoals:4)
  8 tengu reavers
  7 azure jellies
  12 storm dragons
  10 rockslimes
  4 nagarajas
  15 fire giants
  Ilsuiw (Shoals:2)
  5 draconian knights
  An emperor scorpion (D:15)
  9 frost giants
  4 draconian scorchers
  4 deep elf sorcerers
  15 vault wardens
  Aizul (Shoals:1)
  5 ghost moths
  2 iron dragons
  2 balrugs
  Louise (Snake:3)
  10 draconian stormcallers
  5 draconian shifters
  3 orc warlords
  4 deep elf elementalists (Elf:3)
  21 ironbound preservers
  A cacodemon (WizLab)
  3 draconian annihilators
  The ghost of Veicad the Basher, a journeyman OgCA of Lugonu (Lair:3)
  4 war gargoyles
  9 ironbound thunderhulks
  3 spriggan defenders (Depths:2)
  16 quicksilver oozes
  A reaper (Depths:4)
  6 deep elf demonologists (Elf:3)
  15 green draconians
  2 vampire knights (Depths:3)
  23 very ugly things
  19 stone giants
  A demonspawn black sun (WizLab)
  The ghost of Masimoik the Fighter, a journeyman OgFE of Vehumet (Orc:1)
  8 yellow draconians
  8 red draconians
  9 deep elf annihilators (Elf:3)
  3 lorocyprocas (WizLab)
  16 purple draconians
  10 spark wasps
  8 black draconians
  15 white draconians
  10 dire elephants
  A minotaur (Lair:3)
  7 crystal guardians
  An ettin (shapeshifter) (Vaults:5)
  10 deep elf death magi
  A shambling mangrove (Lair:4)
  5 merfolk impalers
  4 blizzard demons
  9 merfolk javelineers
  16 yaktaur captains
  7 fire dragons
  14 great orbs of eyes
  5 deep elf high priests
  Josephine (D:10)
  3 salamander tyrants (Snake:4)
  2 entropy weavers
  10 ice dragons
  16 ettins
  An ice dragon (shapeshifter) (Depths:2)
  2 hell beasts (WizLab)
  6 peacekeepers
  4 hydras
  3 rakshasas
  Erica (D:8)
  36 vault guards
  A boulder beetle (Lair:5)
  6 spriggan air magi
  5 ironbound frosthearts
  Erolcha (Orc:1)
  4 merfolk avatars
  A caustic shrike simulacrum (IceCv)
  An ogre mage (Vaults:5)
  11 anacondas
  3 alligator snapping turtles
  3 two-headed ogres
  4 merfolk aquamancers (Shoals:4)
  20 centaur warriors
  3 death knights
  3 satyrs
  11 dancing weapons
  8 death yaks
  12 deep troll shamans
  3 tengu warriors
  5 hell hogs (Depths:4)
  12 deep troll earth magi
  12 naga warriors
  14 naga sharpshooters
  8 spriggan berserkers
  5 orc high priests
  3 thrashing horrors (Lair:5)
  Urug (D:10)
  6 soul eaters
  A shock serpent (shapeshifter) (Depths:2)
  3 shock serpents
  6 sun demons
  23 hell knights
  5 skeletal warriors (D:14)
  13 deep elf knights
  A death drake (Zot:1)
  3 sixfirhies
  4 salamander mystics (Snake:4)
  A shadow wraith (Vaults:3)
  10 iron trolls
  4 skysharks
  A flayed ghost (Depths:2)
  A swamp dragon (shapeshifter) (D:15)
  5 glowing orange brains
  73 deep trolls
  6 sea snakes
  A shadow demon (WizLab)
  14 lindwurms
  4 naga ritualists (Snake:4)
  A bog body (IceCv)
  7 spriggan simulacra (IceCv)
  15 deep elf archers
  28 harpies
  An obsidian statue (IceCv)
  9 wizards
  26 ironbound convokers
  A golden dragon skeleton (Depths:2)
  4 phantasmal warriors (Vaults:5)
  14 orc knights
  29 deep elf pyromancers
  21 deep elf zephyrmancers
  4 necromancers
  13 mana vipers
  5 orc sorcerers
  A cyclops (shapeshifter) (D:15)
  44 ugly things
  5 manticores
  20 fauns
  7 cyclopes
  A wolf spider (D:10)
  24 moths of wrath
  4 shining eyes
  A tengu skeleton (Depths:2)
  9 salamanders
  2 sphinx skeletons (Depths:2)
  A manticore (shapeshifter) (Vaults:5)
  A water nymph (shapeshifter) (Vaults:2)
  An ice statue (Snake:4)
  6 water nymphs
  A rust devil (Depths:3)
  30 black mambas
  A demonic crawler (Depths:1)
  7 guardian serpents
  2 eyes of devastation (Slime:4)
  8 naga magi
  11 elephants
  A fire giant skeleton (Vaults:5)
  17 vault sentinels
  10 merfolk sirens
  A torpor snail (Lair:3)
  2 molten gargoyles (Volcano)
  9 smoke demons
  4 orange demons (WizLab)
  7 unseen horrors
  A hellion (Depths:4)
  A cane toad (shapeshifter) (Vaults:5)
  Maggie (D:10)
  6 cane toads
  A kobold demonologist (D:13)
  A yaktaur zombie (Vaults:5)
  2 rime drakes
  3 efreet (D:15)
  10 komodo dragons
  4 freezing wraiths
  27 yaktaurs
  2 tormentors (WizLab)
  2 anaconda simulacra (IceCv)
  5 ice devils (IceCv)
  3 tengu conjurers
  3 ancient zymes (Lair:5)
  A wandering mushroom (Lair:4)
  3 red devils
  25 merfolk
  2 golden dragon simulacra (IceCv)
  2 polar bears
  5 hornets
  A human skeleton (Vaults:5)
  8 trolls
  3 hellwings
  9 snapping turtles
  11 wind drakes
  12 dream sheep
  24 blink frogs
  102 slime creatures
  6 spriggans
  12 air elementals
  4 wyverns
  28 water elementals
  A ynoxinul (D:4)
  63 yaks
  A shadow (D:12)
  A vampire (D:12)
  3 dire elephant simulacra (IceCv)
  A fire bat (Volcano)
  4 wraiths
  A fire elemental (Elf:2)
  A neqoxec (D:15)
  12 small abominations
  3 hogs (Shoals:4)
  3 golden eyes
  A steam dragon (Lair:4)
  Grum (D:10)
  6 basilisks
  11 chaos spawn
  10 minotaur simulacra (IceCv)
  A glowing shapeshifter zombie (Vaults:5)
  12 vampire mosquitoes
  29 nagas
  2 wargs
  A swamp worm (shapeshifter) (Depths:3)
  A harpy simulacrum (IceCv)
  6 large abominations
  An acid dragon (D:13)
  10 water moccasins
  4 floating eyes
  3 ettin simulacra (IceCv)
  36 orc warriors
  3 black bears
  3 ice beasts
  12 ogres
  An alligator simulacrum (IceCv)
  20 wolves
  9 boggarts (Vaults:1)
  18 centaurs
  10 kobold brigands
  2 gnoll sergeants
  13 bullfrogs
  2 scorpions
  A necrophage (D:8)
  8 deep troll simulacra (IceCv)
  An earth elemental (Elf:3)
  4 wights
  8 howler monkeys
  A vampire bat (D:3)
  5 lava snakes (Volcano)
  A hound (D:5)
  2 jellies
  A gnoll bouda (D:8)
  26 orc priests
  3 iguanas
  4 sleepcaps
  16 orc wizards
  A hound skeleton (D:8)
  10 gnolls
  8 adders
  3 shadow imps
  A white imp (D:7)
  4 worms
  A dart slug (shapeshifter) (Depths:2)
  3 dart slugs
  77 orcs
  9 ball pythons
  3 bat skeletons (D:3)
  2 bat zombies (D:3)
  An endoplasm (shapeshifter) (Depths:2)
  8 endoplasms
  4 giant cockroaches
  8 goblins
  5 hobgoblins
  13 kobolds
  7 quokkas
  3 bats
  4 frilled lizards
  3 rats (D:1)
  A plant (Depths:1)
  3 tentacles (Shoals:2)
2356 creatures vanquished.

Vanquished Creatures (collateral kills)
  Vashnia (Snake:3)
  Hellbinder (WizLab)
  A kraken (Shoals:3)
  A hydra (D:15)
  A boulder beetle (D:11)
  2 satyrs
  A death yak (Lair:5)
  A two-headed ogre (Orc:2)
  A naga warrior (Snake:1)
  2 naga sharpshooters (Snake:3)
  A shock serpent (Snake:1)
  A skyshark (Shoals:2)
  Pikel (D:7)
  A mana viper (Snake:2)
  A large abomination (Lair:5)
  A harpy (Shoals:2)
  2 fauns
  3 manticores
  A merfolk siren (Shoals:1)
  A naga mage (Snake:2)
  A black mamba (Lair:1)
  A kobold demonologist (D:11)
  A komodo dragon (Lair:2)
  3 merfolk
  A troll (Orc:1)
  2 dream sheep (Lair:3)
  A slime creature (D:13)
  A fire bat (Volcano)
  2 basilisks (Lair:5)
  2 yaks
  3 chaos spawn (Lair:5)
  A wyvern (D:10)
  A water moccasin (Lair:1)
  An orc warrior (Orc:1)
  An ice beast (D:5)
  A black bear (D:4)
  An ogre (D:5)
  2 phantoms (D:5)
  A lemure (D:7)
  A bullfrog (shapeshifter) (D:15)
  2 bullfrogs
  13 wights
  An electric eel (Lair:1)
  A howler monkey (D:8)
  A lava snake (Volcano)
  An orc priest (Orc:2)
  An iguana (D:4)
  An orc wizard (Orc:2)
  3 orcs
  5 tentacles
82 creatures vanquished.

Vanquished Creatures (others)
  22 eldritch tentacles
  A harpy (Shoals:3)
  A spriggan (Lair:5)
  A naga (Snake:3)
  A bush (Lair:5)
  59 fungi
  173 plants
  13 tentacles
271 creatures vanquished.

Grand Total: 2709 creatures vanquished
